 Dungeon Crawl Stone Soup version 0.31-a0-145-g046c7d2549 (webtiles) character file.

Game seed: 6386358245894011512

636774 qw the Slayer (level 27, 177/197 HPs)
             Began as a Gargoyle Fighter on Oct 10, 2022.
             Was the Champion of the Shining One.
             Quit the game in Pandemonium on June 6, 2023.
             The game lasted 01:04:49 (59792 turns).

qw the Slayer (Gargoyle Fighter)                   Turns: 59792, Time: 01:04:50

Health: 177/197    AC: 68    Str: 42    XL:     27
Magic:  0/37       EV: 19    Int:  4    God:    the Shining One [******]
Gold:   5440       SH: 24    Dex: 12    Spells: 26/26 levels left

rFire   + + +        G - +9 broad axe (holy)
rCold   + + .        o - +2 tower shield {rC+}
rNeg    + + +        B - +9 ice dragon scales "Zyossoq" {rF- rC++ Dex+3}
rPois   inf          O - +2 hat of the Disturbing Portals {rF+++ rC- Will+++ Int-4}
rElec   +            T - +4 dragonskin cloak
rCorr   .            C - +3 pair of gloves of the Endless Expanse {Drain Str+3 Slay+3 SInv}
SInv    +            P - +2 pair of boots of the Orcish Mines {Str+4}
Will    +++++        D - amulet "Voifad" {rF+ Regen+ Str+2} Stlth
                     Q - +4 ring of evasion
HPRegen 1.32/turn    s - +4 ring of protection
MPRegen 0.25/turn

%: no passive effects
@: flying, glowing
A: sickness immunity, AC +20, big wings, negative energy resistance 1,
electricity resistance, torment resistance 1, petrification resistance, hooves
1, horns 1, dopey 1, devolution 1
}: 4/15 runes: decaying, serpentine, silver, golden
a: Renounce Religion, Divine Shield, Cleansing Flame, Summon Divine Warrior


You were in Pandemonium.
You worshipped the Shining One.
The Shining One was exalted by your worship.
You visited 10 branches of the dungeon, and saw 49 of its levels.
You visited Pandemonium 1 time, and saw 2 of its levels.

You collected 10872 gold pieces.
You spent 5432 gold pieces at shops.


Innate Abilities, Weirdness & Mutations

You are immune to sickness and miasma.
Your stone body is resilient. (AC +20)
You are immune to poison.
Your large and strong wings let you fly.
You resist negative energy. (rN+)
You are resistant to electric shocks. (rElec)
You are resistant to unholy torment.
You are immune to petrification.
You have large cloven feet.
You have a pair of small horns on your head.
You are dopey. (Int -2)
You have hidden genetic defects.


   Skills:
 + Level 26.7 Fighting
 - Level 18.0 Axes
 - Level 15.0 Throwing
 - Level 22.0 Armour
 - Level 12.0 Dodging
 - Level 23.0 Shields
 + Level 20.3 Invocations


You had 26 spell levels left.
You didn't know any spells.
Your spell library was empty.

Inventory:

Hand Weapons
 G - a +9 broad axe of holy wrath (weapon)
Missiles
 n - 22 boomerangs (quivered)
Armour
 c - the +15 Maxwell's patent armour {-Cast -Tele rElec Will+ rCorr}
   (You found it on level 3 of the Depths)

   rElec:     It insulates you from electricity.
   -Cast:     It prevents spellcasting.
   -Tele:     It prevents most forms of teleportation.
   rCorr:     It protects you from acid and corrosion.
   Will:      It increases your willpower.
 o - a +2 tower shield of cold resistance (worn)
 r - the +7 swamp dragon scales of Quga {rPois rC+ Str+2 Dex+2}
   (You bought it in a shop on level 2 of the Orcish Mines)

   Str:       It affects your strength (+2).
   Dex:       It affects your dexterity (+2).
   rC:        It protects you from cold.
   rPois:     It protects you from poison.
 v - a +2 helmet
 w - the +2 pair of boots "Ucoth" {Harm Regen+}
   (Okawaru gifted it to you on level 4 of the Lair of Beasts)

   Regen:     It increases your rate of health regeneration.
   Harm:      It increases damage dealt and taken.
 x - the +1 pair of gloves "Nutwarutz" {rElec rF++ Regen+ Dex-2}
   (You found it on level 9 of the Dungeon)

   Dex:       It affects your dexterity (-2).
   rF:        It greatly protects you from fire.
   rElec:     It insulates you from electricity.
   Regen:     It increases your rate of health regeneration.
 y - the +5 chain mail of Hedging {rElec rC+++ Will- Stlth+}
   (Okawaru gifted it to you on level 3 of the Swamp)

   rC:        It renders you almost immune to cold.
   rElec:     It insulates you from electricity.
   Will:      It decreases your willpower.
   Stlth:     It makes you more stealthy.
 A - +0 gold dragon scales
 B - the +9 ice dragon scales "Zyossoq" (worn) {rF- rC++ Dex+3}
   (Okawaru gifted it to you on level 12 of the Dungeon)

   Dex:       It affects your dexterity (+3).
   rF:        It makes you vulnerable to fire.
   rC:        It greatly protects you from cold.
 C - the +3 pair of gloves of the Endless Expanse (worn) {Drain Str+3 Slay+3 SInv}
   (You found it on level 3 of the Vaults)

   Str:       It affects your strength (+3).
   Slay:      It affects your accuracy & damage with ranged weapons and melee
   (+3).
   SInv:      It lets you see invisible.
   Drain:     It drains your maximum health when unequipped.
 F - +2 acid dragon scales
 I - the +11 chain mail "Tidwashram" {Will- Int+8}
   (You found it on level 3 of the Vaults)

   Int:       It affects your intelligence (+8).
   Will:      It decreases your willpower.
 K - a scarf of resistance
 L - +0 acid dragon scales
 N - the +4 chain mail of Yredelemnul's Delight {rC++}
   (You found it on level 5 of the Vaults)

   rC:        It greatly protects you from cold.
 O - the +2 hat of the Disturbing Portals (worn) {rF+++ rC- Will+++ Int-4}
   (Okawaru gifted it to you on level 5 of the Vaults)

   Int:       It affects your intelligence (-4).
   rF:        It renders you almost immune to fire.
   rC:        It makes you vulnerable to cold.
   Will:      It greatly increases your willpower.
 P - the +2 pair of boots of the Orcish Mines (worn) {Str+4}
   (You found it on level 5 of the Vaults)

   Str:       It affects your strength (+4).
 R - the +1 plate armour of Untold Secrets {rF+ Dex+4}
   (You found it on level 3 of the Tomb of the Ancients)

   Dex:       It affects your dexterity (+4).
   rF:        It protects you from fire.
 T - the +4 dragonskin cloak (worn)
   (You took it off Tiamat on level 2 of the Realm of Zot)

   Avatar's Aegis: It grants the wearer a chance to resist fire, cold, poison,
   electricity, acid, and negative energy.
 U - a +10 plate armour of ponderousness
Jewellery
 h - a ring of protection from fire
 l - a ring of fire
 q - a ring of ice
 s - a +4 ring of protection (right hand)
 z - a ring of ice
 D - the amulet "Voifad" (around neck) {rF+ Regen+ Str+2}
   (You found it on level 15 of the Dungeon)

   [amulet of regeneration]

   Str:       It affects your strength (+2).
   rF:        It protects you from fire.
   Regen:     It increases your rate of health regeneration.
 H - a ring of resist corrosion
 Q - a +4 ring of evasion (left hand)
Scrolls
 a - 39 scrolls of identify
 i - 17 scrolls of teleportation
 t - 2 scrolls of brand weapon
 u - 2 scrolls of enchant armour
 J - 2 scrolls of enchant weapon
Potions
 b - 7 potions of haste
 d - 6 potions of might
 e - 19 potions of curing
 f - 12 potions of lignification
 g - 17 potions of attraction
 j - 8 potions of mutation
 k - 4 potions of resistance
 m - 5 potions of heal wounds
 p - 9 potions of cancellation
 E - 2 potions of magic

Dungeon Overview and Level Annotations

Branches:
Dungeon (15/15)            Temple (0/1) D:4            Lair (5/5) D:8
  Swamp (4/4) Lair:2        Snake (4/4) Lair:2        Slime (0/5) Lair:4
    Orc (2/2) D:11            Elf (0/3) Orc:2        Vaults (5/5) D:14
  Crypt (3/3) Vaults:3       Tomb (3/3) Crypt:3      Depths (4/4) D:15
    Zot (4/5) Depths:4

Altars:
Ashenzari
Cheibriados
Dithmenos
Fedhas
Gozag
Hepliaklqana
Kikubaaqudgha
Okawaru
Ru
Trog
Uskayaw
Xom
Yredelemnul
The Shining One
Jiyva
Lugonu

Shops:
D:4 [   D:9 *!*:   D:10 =   Orc:2 ([([   Snake:1 [   Snake:2 :*   Vaults:3 *
Vaults:4 [   Depths:1 :

Portals:
Hell: Depths:1 Depths:2 Depths:3 Depths:4
Abyss: Depths:3 Depths:4
Pandemonium: Depths:2
Ziggurat: Depths:4

Annotations:
D:2 1 runed translucent door, Crazy Yiuf
D:7 2 transporters, qw's ghost, novice GrFi
Lair:1 3 runed translucent doors, qw's ghost, journeyman GrFi
Lair:5 2 transporters, 2 runed translucent doors, qw's ghost, journeyman GrFi
Swamp:1 2 transporters
Swamp:3 3 runed translucent doors, qw's ghost, adept GrFi
Swamp:4 Louise
Vaults:1 2 transporters
Vaults:4 2 transporters
Zot:3 6 transporters
Pan exclusion: ghost moth


Message History

The ghost moth stares at you.
You feel your power leaking away. The ghost moth stares at you.
The ghost moth stares at you. The ghost moth stares at you.
The ghost moth stares at you.
You feel your power leaking away. The ghost moth stares at you.
The ghost moth stares at you.
A chaos spawn comes into view.
Search for what [? for help]? jav Saving game... please wait.
Welcome back, qw the Gargoyle Fighter.
The Shining One says: Lead the forces of light to victory!
Press ? for a list of commands and other information.
Welcome back, qw the Gargoyle Fighter.
The Shining One says: Lead the forces of light to victory!
Press ? for a list of commands and other information.
Options error: Missing colour in message_colour setting: 'then' x2
Waypoint 0 assigned to Pan.
Enter note:
Enter note:
Enter note:
Enter note:
Enter note:
Enter note: Lua error: [string "/dgldir/rcfiles/crawl-bot-git/qwlua.rc"]:3875: Error in coroutine: [string "/dgldir/rcfiles/crawl-bot-git/qwlua.rc"]:13122: attempt to index local 'state' (a number value) Level annotation: exclusion: ghost moth Welcome back, qw the Gargoyle Fighter.
The Shining One says: Lead the forces of light to victory!
Press ? for a list of commands and other information.
Options error: Missing colour in message_colour setting: 'then'
Enter note:
Enter note:
Enter note:
Enter note:
Enter note:
Enter note: Lua error: [string "/dgldir/rcfiles/crawl-bot-git/qwlua.rc"]:3875: Error in coroutine: [string "/dgldir/rcfiles/crawl-bot-git/qwlua.rc"]:13122: attempt to index local 'state' (a number value) Are you sure you want to abandon this character and quit the game? (Confirm with "yes".)

y#######.....................
..)##....[4)....(.....(..
........[................
.........................
....2..[..[..........(....
.....###...(#................
.....#y#2...##..........#...#
.....###.....#..).......####
.............#..@........#
.............#....[........
.\..........###............
....4466....#y#....[......
....42&.....###...........
.....662y...$#......([....
.....24.?...$#............
......[.###(##..........##
#########y###.............


You could see a ghost moth (invisible) and a chaos spawn (wandering).

Vanquished Creatures
  Tiamat (Zot:2)
  2 ancient liches
  Khufu (Crypt:3)
  Mara (Swamp:3)
  Sojobo (Depths:1)
  24 royal mummies
  6 Killer Klowns
  Vashnia (Snake:4)
  2 pandemonium lords (Pan)
  A curse toe (Zot:1)
  Nikola (Vaults:1)
  3 bone dragons
  8 golden dragons
  A profane servitor (Crypt:3)
  An electric golem (Zot:3)
  3 Tzitzimimeh
  2 doom hounds (Zot:3)
  A walking earthen tome (Depths:2)
  20 tentacled monstrosities
  Mlioglotl (Swamp:3)
  10 quicksilver dragons
  An Ice Fiend (Tomb:1)
  7 liches
  17 titans
  Grunn (Zot:3)
  4 deep elf blademasters
  A walking divine tome (Depths:2)
  4 deep elf master archers
  3 Executioners (Pan)
  9 death cobs
  9 sphinxes
  10 ancient champions
  8 thorn hunters
  11 tengu reavers
  14 storm dragons
  Agnes (D:15)
  6 nagarajas
  9 shadow dragons
  7 draconian monks
  Donald (Vaults:3)
  2 revenants
  3 fenstrider witches
  3 demonspawn warmongers (Pan)
  6 draconian knights
  Aizul (Depths:1)
  22 fire giants
  A deep elf sorcerer (Vaults:5)
  4 balrugs (Pan)
  7 draconian scorchers
  4 cacodemons (Pan)
  19 frost giants
  19 vault wardens
  2 ghost moths (Pan)
  3 orc warlords
  A spectral caustic shrike (Crypt:3)
  4 war gargoyles
  3 draconian shifters
  17 ironbound preservers
  4 draconian stormcallers
  4 draconian annihilators
  7 demonspawn corrupters (Pan)
  25 stone giants
  2 demonspawn blood saints (Pan)
  10 bennus
  2 reapers
  A putrid mouth (Zot:3)
  7 green draconians
  4 eleionomae
  A deep elf demonologist (Vaults:5)
  6 ironbound thunderhulks
  5 demonspawn black suns (Pan)
  23 very ugly things
  2 deep elf annihilators
  4 bunyips
  4 vampire knights
  13 dire elephants
  7 red draconians
  10 black draconians
  7 white draconians
  2 lorocyprocas (Pan)
  5 yellow draconians
  7 purple draconians
  4 spark wasps (Depths:4)
  An eidolon (Crypt:1)
  5 deep elf death magi
  A crystal guardian (Vaults:3)
  22 mummy priests
  17 ettins
  A blizzard demon (Pan)
  Josephine (Orc:2)
  2 entropy weavers
  19 jiangshi
  8 fire dragons
  5 shambling mangroves
  A ragged hierophant (Vaults:2)
  7 great orbs of eyes
  5 spriggan air magi
  A servant of whispers (Vaults:2)
  Erolcha (D:9)
  16 yaktaur captains
  3 deep elf high priests (Vaults:5)
  A catoblepas (D:13)
  6 ice dragons
  2 ghost crabs
  19 hydras
  A hell beast (Pan)
  2 rakshasas
  33 vault guards
  2 ogre magi
  2 peacekeepers
  6 boulder beetles
  14 centaur warriors
  2 death knights (Crypt:3)
  10 two-headed ogres
  A two-headed ogre (shapeshifter) (Depths:4)
  An alligator (shapeshifter) (Depths:2)
  9 anacondas
  Erica (D:11)
  7 death yaks
  4 ironbound frosthearts
  7 alligators
  9 deep troll shamans
  32 death scarabs (Tomb:2)
  16 naga warriors
  7 vampire magi
  3 tengu warriors
  7 spriggan berserkers
  9 deep troll earth magi
  10 naga sharpshooters
  6 shock serpents
  13 sun demons (Pan)
  7 soul eaters
  An emperor scorpion zombie (Crypt:1)
  7 deep elf knights
  A salamander mystic (Snake:4)
  Lodul (D:14)
  16 iron trolls
  4 spriggan druids (Swamp:4)
  3 goliath frogs
  3 sixfirhies (Pan)
  A steelbarb worm (shapeshifter) (Vaults:5)
  40 skeletal warriors
  6 shadow wraiths
  5 flayed ghosts
  6 shadow demons (Pan)
  6 deep elf archers
  A glowing orange brain (Vaults:4)
  49 deep trolls
  8 swamp dragons
  An iron giant zombie (Crypt:2)
  5 naga ritualists
  3 bog bodies
  A swamp dragon (shapeshifter) (Vaults:4)
  An iron giant skeleton (Crypt:2)
  5 wizards
  Pikel (D:6)
  8 sea snakes (Snake:4)
  5 phantasmal warriors
  7 deep elf pyromancers
  7 necromancers
  2 spectral hydras (Swamp:4)
  A lindwurm (Lair:5)
  6 mana vipers
  3 oklob plants (Swamp:4)
  20 ironbound convokers
  A tengu zombie (Depths:1)
  2 deep elf zephyrmancers (Tomb:3)
  9 orc knights
  36 ugly things
  2 frost giant zombies
  3 will-o-the-wisps
  3 orc sorcerers
  16 moths of wrath
  7 cyclopes
  15 large abominations (Pan)
  9 manticores
  A manticore (shapeshifter) (Vaults:5)
  An iron dragon skeleton (Crypt:2)
  16 vault sentinels
  2 stone giant skeletons
  Joseph (D:9)
  8 salamanders
  15 elephants
  A dire elephant zombie (Crypt:2)
  11 naga magi
  24 black mambas
  2 frost giant skeletons (D:15)
  8 guardian serpents
  2 molten gargoyles (Lair:5)
  A centaur zombie (Crypt:2)
  A smoke demon (Pan)
  4 gargoyles
  2 orange demons (Pan)
  A cane toad (shapeshifter) (Vaults:5)
  Maggie (D:9)
  2 spriggan zombies
  2 kobold demonologists (D:12)
  14 cane toads
  2 unseen horrors (D:12)
  22 yaktaurs
  3 rime drakes
  2 efreet (D:14)
  6 demonic crawlers (Pan)
  An iron troll zombie (Crypt:2)
  2 anaconda simulacra (Crypt:3)
  8 freezing wraiths
  12 komodo dragons
  2 ice devils (Pan)
  6 tormentors
  A death yak skeleton (Crypt:2)
  A bunyip simulacrum (Tomb:2)
  36 guardian mummies
  5 tengu conjurers
  A merfolk (shapeshifter) (Vaults:5)
  3 bloated husks
  A death drake zombie (Swamp:4)
  3 hellwings (Pan)
  3 meliai
  2 hydra zombies (Swamp:4)
  A harpy zombie (Crypt:2)
  9 trolls
  33 slime creatures
  A wind drake (shapeshifter) (D:15)
  3 polar bears
  4 hydra skeletons
  Grinder (D:4)
  A death drake skeleton (Swamp:4)
  23 hornets
  22 blink frogs
  5 tyrant leeches
  An iron dragon simulacrum (Depths:1)
  A slime creature (shapeshifter) (Vaults:5)
  10 dream sheep
  A saltling (Vaults:2)
  Sigmund (D:2)
  5 shadows
  67 flying skulls
  A water elemental (Depths:2)
  57 yaks
  A fire dragon skeleton (Crypt:2)
  10 spriggans
  24 ushabtiu
  12 wraiths
  6 ynoxinuls (Pan)
  10 basilisks
  15 chaos spawn (Pan)
  An ettin skeleton (Crypt:2)
  13 wyverns
  A black mamba skeleton (Crypt:2)
  9 vampire mosquitoes
  7 neqoxecs (Pan)
  2 steam dragons
  A harpy simulacrum (Tomb:3)
  17 swamp worms
  44 nagas
  2 wargs (Orc:2)
  Duvessa (D:7)
  2 two-headed ogre zombies
  3 hell hounds (Lair:5)
  14 water moccasins
  2 two-headed ogre skeletons
  4 hydra simulacra (Swamp:4)
  A floating eye (shapeshifter) (Vaults:4)
  A floating eye (Depths:2)
  2 ice beasts
  4 small abominations (Crypt:3)
  52 orc warriors
  6 black bears
  4 swamp drakes (Swamp:4)
  3 sky beasts
  8 wolves
  2 swamp dragon zombies (Swamp:4)
  An ettin simulacrum (Vaults:3)
  21 ogres
  3 boggarts (Vaults:1)
  A lindwurm skeleton (Crypt:1)
  23 centaurs
  3 swamp dragon skeletons
  4 lemures (D:6)
  5 phantoms
  An elf zombie (Crypt:2)
  7 kobold brigands
  10 bullfrogs
  6 gnoll sergeants
  5 necrophages
  A glowing shapeshifter simulacrum (Vaults:3)
  A komodo dragon zombie (Crypt:1)
  A draconian skeleton (Crypt:2)
  3 scorpions
  2 wights (D:9)
  3 troll zombies (D:11)
  A human simulacrum (Vaults:3)
  6 killer bees
  2 oklob saplings (D:10)
  Dowan (D:7)
  2 spriggan skeletons
  8 electric eels
  7 howler monkeys
  5 lava snakes (Lair:5)
  A wolf skeleton (Crypt:1)
  3 hounds
  A jelly (D:3)
  A centaur skeleton (Crypt:1)
  13 orc priests
  2 iguanas (D:4)
  25 orc wizards
  6 hell rats (Lair:2)
  4 ogre zombies (D:11)
  34 mummies
  A howler monkey skeleton (Crypt:2)
  A steam dragon zombie (Crypt:2)
  27 adders
  31 gnolls
  2 shadow imps (D:7)
  A steam dragon skeleton (Crypt:1)
  2 worms
  2 dart slugs
  80 orcs
  16 ball pythons
  6 endoplasms
  A giant cockroach (D:3)
  3 goblins
  8 hobgoblins
  27 kobolds
  4 quokkas
  4 bats
  4 frilled lizards
  A goblin skeleton (D:11)
  A goblin zombie (D:11)
  A hobgoblin skeleton (D:11)
  4 hobgoblin zombies (D:11)
  3 orc skeletons (D:11)
  15 orc zombies (D:11)
  7 rats
2451 creatures vanquished.

Vanquished Creatures (collateral kills)
  7 royal mummies
  A Brimstone Fiend (Pan)
  2 Tzitzimimeh (Pan)
  2 liches
  A deep elf master archer (Tomb:1)
  2 Executioners (Pan)
  2 ancient champions
  2 fire giants
  A demonspawn warmonger (Pan)
  2 frost giants
  2 cacodemons (Pan)
  3 demonspawn corrupters (Pan)
  A ghoul (Crypt:3)
  A demonspawn blood saint (Pan)
  2 stone giants (Tomb:2)
  A white draconian (Tomb:2)
  A deep elf death mage (Tomb:3)
  5 mummy priests
  A jiangshi (Crypt:3)
  A death knight (Crypt:3)
  8 death scarabs (Tomb:2)
  A soul eater (Pan)
  2 deep elf knights
  A sun demon (Pan)
  2 skeletal warriors (Crypt:3)
  2 deep elf archers (Tomb:3)
  A hellion (Tomb:1)
  A demonic crawler (Pan)
  A hellwing (Pan)
  A red devil (Pan)
  7 guardian mummies
  6 flying skulls
  3 ushabtiu
  A neqoxec (Pan)
  A necrophage (Crypt:3)
  13 mummies
91 creatures vanquished.

Vanquished Creatures (others)
  A quicksilver dragon (Depths:4)
  A fire giant (Crypt:3)
  A ghost moth (Pan)
  A great orb of eyes (Vaults:3)
  2 centaur warriors (Vaults:1)
  An anaconda (Snake:4)
  2 deep trolls (Vaults:3)
  A wizard (Depths:2)
  3 yaktaurs (Vaults:1)
  A bloated husk (Swamp:1)
  A ynoxinul (Pan)
  A spriggan (Swamp:4)
  A kobold (D:9)
  8 foxfires
25 creatures vanquished.

Grand Total: 2567 creatures vanquished

Notes
Turn   | Place    | Note
-------+----------+-------------------------------------------
     0 | D:1      | qw the Gargoyle Fighter began the quest for the Orb.
     0 | D:1      | Reached XP level 1. HP: 14/14 MP: 1/1
     0 | D:1      | 0 ||| qw: Version: 0.2-a-17-g06abaee
     0 | D:1      | 0 ||| qw: Game counter: 2387
     0 | D:1      | 0 ||| qw: Always use a shield: true
     0 | D:1      | 0 ||| qw: God list: Okawaru
     0 | D:1      | 0 ||| qw: Allow faded altars: false
     0 | D:1      | 0 ||| qw: Do Orc after D:15 true
     0 | D:1      | 0 ||| qw: Do second Lair branch before Depths: true
     0 | D:1      | 0 ||| qw: Lair rune preference: random
     0 | D:1      | 0 ||| qw: Plans: Normal, Zot:1-4, God:TSO, Crypt, Tomb,
                  | Pan, Slime:5, Hells, Abyss, Orb
     0 | D:1      | 0 ||| PLANNING D:1-11
   275 | D:1      | Reached XP level 2. HP: 19/19 MP: 2/2
   611 | D:1      | 611 ||| Stepping ~*~*~tactically~*~*~ (stealth).
   616 | D:1      | Reached skill level 3 in Axes
   618 | D:1      | 618 ||| Stepping ~*~*~tactically~*~*~ (stealth).
   646 | D:1      | Reached XP level 3. HP: 23/23 MP: 3/3
   894 | D:1      | 894 ||| UPGRADING to +0 pair of boots.
   899 | D:1      | 899 ||| READING 5 scrolls labelled QIOW QOEHOZAS.
   900 | D:1      | 900 ||| READING scroll labelled YXTURO KOULEEW.
   901 | D:1      | 901 ||| READING scroll labelled GIJIYGH QECK.
   902 | D:1      | 902 ||| DRINKING 2 bubbling green potions.
   903 | D:1      | 903 ||| READING 4 scrolls of identify.
   903 | D:1      | 903 ||| IDENTIFYING inky potion
   904 | D:1      | 904 ||| READING 3 scrolls of identify.
   904 | D:1      | 904 ||| IDENTIFYING smoky puce potion
   905 | D:1      | 905 ||| READING 2 scrolls of identify.
   905 | D:1      | 905 ||| IDENTIFYING purple potion
   906 | D:1      | 906 ||| DROPPING potion of degeneration.
  1144 | D:2      | 1144 ||| DROPPING +0 club.
  1362 | D:2      | Reached XP level 4. HP: 28/28 MP: 4/4
  1367 | D:2      | Noticed Sigmund
  1368 | D:2      | 1368 ||| Stepping ~*~*~tactically~*~*~ (hiding).
  1371 | D:2      | 1371 ||| DRINKING potion of curing.
  1371 | D:2      | 1371 ||| (to cure confusion)
  1395 | D:2      | Killed Sigmund
  1396 | D:2      | Reached XP level 5. HP: 14/32 MP: 5/5
  1396 | D:2      | Reached XP level 6. HP: 16/37 MP: 6/6
  1556 | D:2      | 1556 ||| Stepping ~*~*~tactically~*~*~ (stealth).
  1745 | D:2      | Found a runed translucent door.
  1746 | D:2      | Noticed Crazy Yiuf
  1891 | D:2      | 1891 ||| READING scroll labelled SURRIERCHU IHAA.
  1892 | D:2      | 1892 ||| READING scroll labelled FOUTATAO TYOCIWNIV.
  1893 | D:2      | 1893 ||| READING 7 scrolls of identify.
  1893 | D:2      | 1893 ||| IDENTIFYING coppery potion
  1894 | D:2      | 1894 ||| READING 6 scrolls of identify.
  1894 | D:2      | 1894 ||| IDENTIFYING smoky blue potion
  1895 | D:2      | 1895 ||| DROPPING potion of brilliance.
  1923 | D:3      | Found a faded altar of an unknown god.
  2008 | D:3      | Reached skill level 4 in Fighting
  2045 | D:3      | 2045 ||| DROPPING +3 leather armour.
  2046 | D:3      | 2046 ||| READING scroll labelled WAIS GASTRU.
  2047 | D:3      | 2047 ||| READING 5 scrolls of identify.
  2047 | D:3      | 2047 ||| IDENTIFYING metallic brown potion
  2099 | D:3      | Reached skill level 1 in Dodging
  2203 | D:3      | 2203 ||| DROPPING +0 mace.
  2367 | D:3      | Found a broken altar of Ashenzari.
  2370 | D:3      | 2370 ||| Stepping randomly (stuck).
  2371 | D:3      | 2371 ||| Stepping randomly (stuck).
  2373 | D:3      | 2373 ||| Stepping randomly (stuck).
  2375 | D:3      | 2375 ||| Stepping randomly (stuck).
  2378 | D:3      | 2378 ||| Stepping randomly (stuck).
  2380 | D:3      | 2380 ||| Stepping randomly (stuck).
  2381 | D:3      | 2381 ||| Stepping randomly (stuck).
  2383 | D:3      | 2383 ||| Stepping randomly (stuck).
  2384 | D:3      | 2384 ||| Stepping randomly (stuck).
  2494 | D:3      | Found an iron altar of Okawaru.
  2495 | D:3      | 2495 ||| PLANNING OKAWARU WORSHIP
  2502 | D:3      | Became a worshipper of Warmaster Okawaru
  2503 | D:3      | 2503 ||| PLANNING D:1-11
  2583 | D:4      | Reached skill level 6 in Axes
  2583 | D:4      | 2583 ||| STAIRDANCE
  2604 | D:4      | Found Tuabutru's Antique Armour Shop.
  2613 | D:4      | 2613 ||| SHOPLISTING fine ring mail (261 gold, have 219).
  2613 | D:4      | 2613 ||| SHOPLISTING glowing scarf (232 gold, have 219).
  2613 | D:4      | 2613 ||| SHOPLISTING jewelled plate armour (812 gold, have
                  | 219).
  2613 | D:4      | 2613 ||| BUYING runed leather armour (145 gold).
  2613 | D:4      | Bought a runed leather armour for 145 gold pieces
  2636 | D:4      | Reached XP level 7. HP: 43/43 MP: 7/7
  2638 | D:4      | Identified the +8 whip of the Globe {spect, rElec}
  2640 | D:4      | 2640 ||| DROPPING +0 flail.
  2661 | D:4      | 2661 ||| Stepping ~*~*~tactically~*~*~ (stealth).
  2785 | D:4      | 2785 ||| Stepping ~*~*~tactically~*~*~ (stealth).
  2882 | D:4      | Identified the +9 ring mail of the Sunfish {Drain Str+6
                  | Int+5}
  3027 | D:4      | You fall into a shaft and drop 3 floors!
  3057 | D:7      | Found a hide-covered altar of Uskayaw.
  3077 | D:7      | Reached * piety under Okawaru
  3113 | D:7      | 3113 ||| DROPPING +2 leather armour of positive energy.
  3114 | D:7      | 3114 ||| UPGRADING to +9 ring mail of the Sunfish {Drain
                  | Str+6 Int+5}.
  3124 | D:7      | 3124 ||| DROPPING +0 scale mail.
  3125 | D:7      | 3125 ||| UPGRADING to +2 pair of boots.
  3135 | D:7      | 3135 ||| DROPPING +0 pair of boots.
  3136 | D:7      | 3136 ||| UPGRADING to +4 ring of evasion.
  3137 | D:7      | 3137 ||| READING scroll labelled YQARCH UGHI.
  3138 | D:7      | 3138 ||| READING scroll labelled DEOCZE RYCHI.
  3141 | D:7      | 3141 ||| READING scroll labelled WILUOVEYWAL.
  3142 | D:7      | 3142 ||| READING 4 scrolls of identify.
  3142 | D:7      | 3142 ||| IDENTIFYING fuming amethyst potion
  3143 | D:7      | 3143 ||| DROPPING potion of flight.
  3170 | D:7      | Reached skill level 5 in Fighting
  3170 | D:7      | Reached skill level 1 in Invocations
  3203 | D:7      | Reached XP level 8. HP: 49/49 MP: 9/9
  3205 | D:7      | Found a flagged portal.
  3270 | D:7      | 3270 ||| INVOKING Heroism.
  3279 | D:7      | Reached skill level 3 in Invocations
  3350 | D:7      | 3350 ||| Stepping ~*~*~tactically~*~*~ (stealth).
  3351 | D:7      | 3351 ||| INVOKING Heroism.
  3352 | D:7      | 3352 ||| Stepping ~*~*~tactically~*~*~ (stealth).
  3353 | D:7      | 3353 ||| Stepping ~*~*~tactically~*~*~ (stealth).
  3411 | D:7      | 3411 ||| Stepping ~*~*~tactically~*~*~ (stealth).
  3413 | D:7      | 3413 ||| Stepping ~*~*~tactically~*~*~ (stealth).
  3414 | D:7      | 3414 ||| Stepping ~*~*~tactically~*~*~ (stealth).
  3418 | D:7      | 3418 ||| Stepping ~*~*~tactically~*~*~ (stealth).
  3429 | D:7      | Reached ** piety under Okawaru
  3455 | D:7      | Found a glowing golden altar of the Shining One.
  3515 | D:6      | 3515 ||| Stepping ~*~*~tactically~*~*~ (stealth).
  3523 | D:6      | Noticed Pikel
  3524 | D:6      | 3524 ||| Stepping ~*~*~tactically~*~*~ (stealth).
  3535 | D:6      | 3535 ||| INVOKING Heroism.
  3542 | D:6      | Killed Pikel
  3543 | D:6      | Reached skill level 9 in Axes
  3543 | D:6      | Reached XP level 9. HP: 41/54 MP: 9/12
  3730 | D:6      | 3730 ||| DROPPING amulet of faith.
  3731 | D:6      | 3731 ||| READING scroll labelled MASERI PAN YRR.
  3740 | D:5      | Entered Level 5 of the Dungeon
  3770 | D:5      | Found a shadowy altar of Dithmenos.
  3773 | D:5      | 3773 ||| Stepping randomly (stuck).
  3774 | D:5      | 3774 ||| Stepping randomly (stuck).
  3775 | D:5      | 3775 ||| Stepping randomly (stuck).
  3776 | D:5      | 3776 ||| Stepping randomly (stuck).
  3826 | D:5      | 3826 ||| INVOKING Heroism.
  3835 | D:5      | Reached skill level 6 in Fighting
  3853 | D:5      | 3853 ||| INVOKING Heroism.
  3863 | D:5      | Reached *** piety under Okawaru
  3873 | D:5      | 3873 ||| Stepping ~*~*~tactically~*~*~ (stealth).
  3874 | D:5      | 3874 ||| Stepping ~*~*~tactically~*~*~ (stealth).
  3884 | D:5      | 3884 ||| INVOKING Heroism.
  3897 | D:5      | Reached skill level 7 in Fighting
  3908 | D:5      | 3908 ||| INVOKING Heroism.
  3980 | D:5      | 3980 ||| UPGRADING to +0 cloak.
  3985 | D:5      | 3985 ||| READING 3 scrolls of identify.
  3985 | D:5      | 3985 ||| IDENTIFYING sapphire potion
  3999 | D:4      | Noticed Grinder
  3999 | D:4      | Paralysed by Grinder for 3 turns
  4002 | D:4      | 4002 ||| Stepping ~*~*~tactically~*~*~ (hiding).
  4003 | D:4      | 4003 ||| Stepping ~*~*~tactically~*~*~ (hiding).
  4006 | D:4      | 4006 ||| INVOKING Heroism.
  4011 | D:4      | Killed Grinder
  4031 | D:4      | 4031 ||| Stepping ~*~*~tactically~*~*~ (stealth).
  4033 | D:4      | 4033 ||| Stepping ~*~*~tactically~*~*~ (stealth).
  4037 | D:4      | 4037 ||| Stepping ~*~*~tactically~*~*~ (stealth).
  4039 | D:4      | 4039 ||| Stepping ~*~*~tactically~*~*~ (stealth).
  4053 | D:4      | 4053 ||| Stepping ~*~*~tactically~*~*~ (stealth).
  4055 | D:4      | 4055 ||| Stepping ~*~*~tactically~*~*~ (stealth).
  4057 | D:4      | 4057 ||| Stepping ~*~*~tactically~*~*~ (stealth).
  4059 | D:4      | 4059 ||| INVOKING Heroism.
  4060 | D:4      | 4060 ||| Stepping ~*~*~tactically~*~*~ (stealth).
  4065 | D:4      | 4065 ||| Stepping ~*~*~tactically~*~*~ (stealth).
  4074 | D:4      | 4074 ||| Stepping ~*~*~tactically~*~*~ (stealth).
  4075 | D:4      | 4075 ||| Stepping ~*~*~tactically~*~*~ (stealth).
  4076 | D:4      | 4076 ||| Stepping ~*~*~tactically~*~*~ (stealth).
  4079 | D:4      | 4079 ||| Stepping ~*~*~tactically~*~*~ (stealth).
  4080 | D:4      | 4080 ||| Stepping ~*~*~tactically~*~*~ (stealth).
  4188 | D:4      | Found a staircase to the Ecumenical Temple.
  4351 | D:4      | Found a hazy altar of Hepliaklqana.
  4353 | D:4      | 4353 ||| READING 2 scrolls of identify.
  4353 | D:4      | 4353 ||| IDENTIFYING clear potion
  4354 | D:4      | 4354 ||| DROPPING potion of berserk rage.
  4438 | D:5      | Found a bloodstained altar of Trog.
  4730 | D:6      | 4730 ||| Stepping ~*~*~tactically~*~*~ (hiding).
  4737 | D:6      | 4737 ||| INVOKING Heroism.
  4995 | D:6      | 4995 ||| Stepping ~*~*~tactically~*~*~ (hiding).
  5199 | D:7      | Noticed Duvessa
  5200 | D:7      | 5200 ||| Stepping ~*~*~tactically~*~*~ (stealth).
  5201 | D:7      | 5201 ||| INVOKING Heroism.
  5203 | D:7      | 5203 ||| Stepping ~*~*~tactically~*~*~ (stealth).
  5206 | D:7      | Noticed Dowan
  5207 | D:7      | 5207 ||| Stepping ~*~*~tactically~*~*~ (stealth).
  5218 | D:7      | Killed Duvessa
  5219 | D:7      | Reached XP level 10. HP: 63/63 MP: 13/13
  5219 | D:7      | 5219 ||| Stepping ~*~*~tactically~*~*~ (stealth).
  5220 | D:7      | 5220 ||| Stepping ~*~*~tactically~*~*~ (stealth).
  5222 | D:7      | 5222 ||| Stepping ~*~*~tactically~*~*~ (stealth).
  5224 | D:7      | 5224 ||| Stepping ~*~*~tactically~*~*~ (stealth).
  5226 | D:7      | 5226 ||| Stepping ~*~*~tactically~*~*~ (hiding).
  5230 | D:7      | Killed Dowan
  5231 | D:7      | 5231 ||| Stepping ~*~*~tactically~*~*~ (hiding).
  5611 | D:7      | Found a transporter.
  5612 | D:7      | Noticed qw's ghost (novice GrFi)
  5614 | D:7      | Noticed a two-headed ogre
  5618 | D:7      | Found a transporter.
  5741 | D:7      | 5741 ||| READING 3 scrolls of identify.
  5741 | D:7      | 5741 ||| IDENTIFYING fuming grey potion
  5951 | D:8      | Found a staircase to the Lair.
  6019 | D:8      | 6019 ||| Stepping ~*~*~tactically~*~*~ (hiding).
  6024 | D:8      | 6024 ||| INVOKING Heroism.
  6027 | D:8      | Reached skill level 8 in Fighting
  6049 | D:8      | 6049 ||| INVOKING Heroism.
  6087 | D:8      | 6087 ||| INVOKING Heroism.
  6109 | D:8      | 6109 ||| Stepping ~*~*~tactically~*~*~ (stealth).
  6119 | D:8      | 6119 ||| Stepping ~*~*~tactically~*~*~ (hiding).
  6126 | D:8      | 6126 ||| Stepping ~*~*~tactically~*~*~ (stealth).
  6244 | D:8      | Found a shimmering altar of Xom.
  6311 | D:8      | 6311 ||| INVOKING Heroism.
  6315 | D:8      | 6315 ||| DRINKING potion of curing.
  6315 | D:8      | 6315 ||| (to cure confusion)
  6457 | D:8      | 6457 ||| READING scroll of enchant weapon.
  6457 | D:8      | 6457 ||| ENCHANTING +1 war axe of freezing.
  6487 | D:8      | 6487 ||| Stepping ~*~*~tactically~*~*~ (hiding).
  6491 | D:8      | 6491 ||| INVOKING Heroism.
  6509 | D:8      | Reached **** piety under Okawaru
  6596 | D:8      | 6596 ||| PLANNING LAIR
  6596 | D:8      | 6596 ||| UPGRADING to ring of willpower.
  6597 | D:8      | 6597 ||| UPGRADING to +6 ring of strength.
  6599 | D:8      | 6599 ||| DROPPING ring of willpower.
  6657 | Lair:1   | Entered Level 1 of the Lair of Beasts
  6704 | Lair:1   | Noticed a cane toad
  6705 | Lair:1   | 6705 ||| INVOKING Heroism.
  6707 | Lair:1   | Killed a cane toad
  6813 | Lair:1   | Found a runed translucent gate.
  6813 | Lair:1   | Found a runed translucent gate.
  6815 | Lair:1   | Found a runed translucent gate.
  6819 | Lair:1   | Noticed qw's ghost (journeyman GrFi)
  6819 | Lair:1   | Noticed a spectral seven-headed hydra
  6858 | Lair:1   | 6858 ||| INVOKING Heroism.
  6892 | Lair:1   | 6892 ||| INVOKING Heroism.
  7008 | Lair:1   | Reached skill level 9 in Fighting
  7059 | Lair:1   | Reached ***** piety under Okawaru
  7060 | Lair:1   | Reached skill level 6 in Invocations
  7193 | Lair:1   | 7193 ||| Stepping ~*~*~tactically~*~*~ (stealth).
  7194 | Lair:1   | 7194 ||| Stepping ~*~*~tactically~*~*~ (stealth).
  7195 | Lair:1   | 7195 ||| INVOKING Heroism.
  7199 | Lair:1   | Reached XP level 11. HP: 71/71 MP: 12/15
  7499 | Lair:1   | 7499 ||| UPGRADING to +4 ring of protection.
  7501 | Lair:1   | 7501 ||| DROPPING +6 ring of strength.
  7528 | Lair:2   | Noticed an eight-headed hydra
  7529 | Lair:2   | 7529 ||| INVOKING Heroism.
  7530 | Lair:2   | 7530 ||| INVOKING Finesse.
  7532 | Lair:2   | 7532 ||| SWAPPING to +8 whip of the Globe {spect, rElec}.
  7537 | Lair:2   | Killed an eight-headed hydra
  7538 | Lair:2   | 7538 ||| SWAPPING to +2 war axe of freezing.
  7598 | Lair:2   | 7598 ||| Stepping ~*~*~tactically~*~*~ (hiding).
  7599 | Lair:2   | 7599 ||| INVOKING Heroism.
  7601 | Lair:2   | 7601 ||| Stepping ~*~*~tactically~*~*~ (hiding).
  7602 | Lair:2   | 7602 ||| Stepping ~*~*~tactically~*~*~ (hiding).
  7610 | Lair:2   | 7610 ||| Stepping ~*~*~tactically~*~*~ (stealth).
  7642 | Lair:2   | 7642 ||| FLEEEEING.
  7646 | Lair:2   | 7646 ||| FLEEEEING.
  7647 | Lair:2   | 7647 ||| FLEEEEING.
  7648 | Lair:2   | 7648 ||| FLEEEEING.
  7649 | Lair:2   | 7649 ||| FLEEEEING.
  7650 | Lair:2   | 7650 ||| FLEEEEING.
  7651 | Lair:2   | 7651 ||| FLEEEEING.
  7673 | Lair:2   | 7673 ||| INVOKING Heroism.
  7797 | Lair:2   | 7797 ||| Stepping ~*~*~tactically~*~*~ (stealth).
  7801 | Lair:2   | 7801 ||| INVOKING Heroism.
  7814 | Lair:2   | Reached skill level 12 in Axes
  7872 | Lair:2   | 7872 ||| READING scroll of enchant armour.
  7872 | Lair:2   | 7872 ||| ENCHANTING +0 cloak.
  7974 | Lair:2   | 7974 ||| INVOKING Heroism.
  8003 | Lair:2   | Noticed a death yak
  8004 | Lair:2   | 8004 ||| INVOKING Finesse.
  8004 | Lair:2   | Noticed a death yak
  8005 | Lair:2   | 8005 ||| Stepping ~*~*~tactically~*~*~ (stealth).
  8011 | Lair:2   | Noticed a death yak
  8012 | Lair:2   | 8012 ||| Stepping ~*~*~tactically~*~*~ (stealth).
  8015 | Lair:2   | 8015 ||| INVOKING Heroism.
  8017 | Lair:2   | Noticed a death yak
  8030 | Lair:2   | Killed a death yak
  8030 | Lair:2   | Identified the +11 war axe "Muizalusm" {vorpal, Int+3
                  | Dex+2} (Okawaru gifted it to you on level 2 of the Lair of
                  | Beasts)
  8030 | Lair:2   | Received a gift from Okawaru
  8031 | Lair:2   | Reached skill level 9 in Invocations
  8033 | Lair:2   | Killed a death yak
  8034 | Lair:2   | Reached skill level 6 in Shields
  8039 | Lair:2   | Killed a death yak
  8050 | Lair:2   | Killed a death yak
  8056 | Lair:2   | Reached XP level 12. HP: 62/77 MP: 15/19
  8068 | Lair:2   | 8068 ||| Stepping ~*~*~tactically~*~*~ (stealth).
  8069 | Lair:2   | 8069 ||| Stepping ~*~*~tactically~*~*~ (stealth).
  8071 | Lair:2   | 8071 ||| SWAPPING to +11 war axe "Muizalusm" {vorpal, Int+3
                  | Dex+2}.
  8104 | Lair:2   | 8104 ||| DROPPING +2 war axe of freezing.
  8117 | Lair:2   | Reached skill level 3 in Dodging
  8127 | Lair:2   | 8127 ||| INVOKING Heroism.
  8136 | Lair:2   | Reached skill level 10 in Fighting
  8218 | Lair:2   | Found a staircase to the Snake Pit.
  8364 | Lair:2   | Noticed a five-headed hydra
  8365 | Lair:2   | 8365 ||| INVOKING Heroism.
  8366 | Lair:2   | 8366 ||| SWAPPING to +8 whip of the Globe {spect, rElec}.
  8367 | Lair:2   | 8367 ||| INVOKING Finesse.
  8378 | Lair:2   | Killed a five-headed hydra
  8378 | Lair:2   | Identified the +0 pair of gloves of Okawaru's Favour {Fly
                  | rF+ Str+8 Dex-2} (Okawaru gifted it to you on level 2 of
                  | the Lair of Beasts)
  8378 | Lair:2   | Received a gift from Okawaru
  8379 | Lair:2   | 8379 ||| SWAPPING to +11 war axe "Muizalusm" {vorpal, Int+3
                  | Dex+2}.
  8458 | Lair:2   | 8458 ||| Stepping ~*~*~tactically~*~*~ (stealth).
  8472 | Lair:2   | 8472 ||| INVOKING Heroism.
  8630 | Lair:2   | Found a staircase to the Swamp.
  8893 | Lair:2   | 8893 ||| UPGRADING to +0 pair of gloves of Okawaru's Favour
                  | {Fly rF+ Str+8 Dex-2}.
  8898 | Lair:2   | 8898 ||| DROPPING +6 ring of intelligence.
  8899 | Lair:2   | 8899 ||| READING 5 scrolls of identify.
  8899 | Lair:2   | 8899 ||| IDENTIFYING amethyst potion
  8900 | Lair:2   | 8900 ||| DROPPING potion of ambrosia.
  8993 | Lair:3   | Reached skill level 1 in Throwing
  9115 | Lair:3   | Noticed a six-headed hydra
  9116 | Lair:3   | 9116 ||| INVOKING Heroism.
  9117 | Lair:3   | 9117 ||| SWAPPING to +8 whip of the Globe {spect, rElec}.
  9118 | Lair:3   | 9118 ||| INVOKING Finesse.
  9122 | Lair:3   | Killed a six-headed hydra
  9123 | Lair:3   | Reached skill level 3 in Throwing
  9123 | Lair:3   | 9123 ||| SWAPPING to +11 war axe "Muizalusm" {vorpal, Int+3
                  | Dex+2}.
  9206 | Lair:3   | 9206 ||| INVOKING Heroism.
  9263 | Lair:3   | 9263 ||| Stepping ~*~*~tactically~*~*~ (stealth).
  9264 | Lair:3   | 9264 ||| Stepping ~*~*~tactically~*~*~ (stealth).
  9265 | Lair:3   | 9265 ||| Stepping ~*~*~tactically~*~*~ (stealth).
  9270 | Lair:3   | 9270 ||| INVOKING Heroism.
  9429 | Lair:3   | 9429 ||| INVOKING Heroism.
  9965 | Lair:4   | Noticed a five-headed hydra
  9966 | Lair:4   | 9966 ||| INVOKING Heroism.
  9967 | Lair:4   | 9967 ||| SWAPPING to +8 whip of the Globe {spect, rElec}.
  9968 | Lair:4   | 9968 ||| INVOKING Finesse.
  9971 | Lair:4   | Killed a five-headed hydra
  9972 | Lair:4   | Reached XP level 13. HP: 78/82 MP: 12/20
  9972 | Lair:4   | 9972 ||| SWAPPING to +11 war axe "Muizalusm" {vorpal, Int+3
                  | Dex+2}.
 10042 | Lair:4   | Found a viscous altar of Jiyva.
 10042 | Lair:4   | Found a staircase to the Slime Pits.
 10090 | Lair:4   | 10090 ||| Stepping ~*~*~tactically~*~*~ (stealth).
 10114 | Lair:4   | 10114 ||| Stepping ~*~*~tactically~*~*~ (stealth).
 10116 | Lair:4   | 10116 ||| INVOKING Heroism.
 10117 | Lair:4   | 10117 ||| SWAPPING to +8 whip of the Globe {spect, rElec}.
 10118 | Lair:4   | 10118 ||| INVOKING Finesse.
 10119 | Lair:4   | 10119 ||| Stepping ~*~*~tactically~*~*~ (outnumbered).
 10120 | Lair:4   | 10120 ||| Stepping ~*~*~tactically~*~*~ (outnumbered).
 10121 | Lair:4   | 10121 ||| Stepping ~*~*~tactically~*~*~ (outnumbered).
 10125 | Lair:4   | Reached skill level 6 in Armour
 10131 | Lair:4   | 10131 ||| SWAPPING to +11 war axe "Muizalusm" {vorpal,
                  | Int+3 Dex+2}.
 10198 | Lair:4   | 10198 ||| Stepping ~*~*~tactically~*~*~ (stealth).
 10199 | Lair:4   | 10199 ||| Stepping ~*~*~tactically~*~*~ (stealth).
 10228 | Lair:4   | 10228 ||| FLEEEEING.
 10287 | Lair:4   | 10287 ||| Stepping ~*~*~tactically~*~*~ (stealth).
 10289 | Lair:4   | 10289 ||| Stepping ~*~*~tactically~*~*~ (stealth).
 10329 | Lair:4   | 10329 ||| INVOKING Heroism.
 10349 | Lair:4   | Reached skill level 11 in Fighting
 10354 | Lair:4   | Identified the +2 pair of boots "Ucoth" {Harm Regen+}
                  | (Okawaru gifted it to you on level 4 of the Lair of Beasts)
 10354 | Lair:4   | Received a gift from Okawaru
 10507 | Lair:4   | Identified the +1 robe of Agnosticism {Will+}
 10516 | Lair:4   | 10516 ||| Stepping ~*~*~tactically~*~*~ (stealth).
 10811 | Lair:4   | 10811 ||| INVOKING Heroism.
 10961 | Lair:4   | 10961 ||| Stepping ~*~*~tactically~*~*~ (stealth).
 10963 | Lair:4   | 10963 ||| Stepping ~*~*~tactically~*~*~ (stealth).
 11010 | Lair:4   | 11010 ||| DROPPING +2 pair of boots.
 11011 | Lair:4   | 11011 ||| READING scroll labelled CYAPAI MULEGE.
 11012 | Lair:4   | 11012 ||| READING 2 scrolls labelled QICWEFEHESCH.
 11013 | Lair:4   | 11013 ||| READING scroll labelled EKOATZ BEAMAC.
 11114 | Lair:4   | 11114 ||| READING 4 scrolls of identify.
 11114 | Lair:4   | 11114 ||| IDENTIFYING metallic clear potion
 11115 | Lair:4   | 11115 ||| DROPPING potion of invisibility.
 11116 | Lair:4   | 11116 ||| DROPPING scroll of noise.
 11149 | Lair:5   | Entered Level 5 of the Lair of Beasts
 11150 | Lair:5   | 11150 ||| INVOKING Heroism.
 11151 | Lair:5   | 11151 ||| STAIRDANCE
 11163 | Lair:5   | 11163 ||| SWAPPING to +8 whip of the Globe {spect, rElec}.
 11164 | Lair:5   | 11164 ||| INVOKING Finesse.
 11169 | Lair:5   | 11169 ||| SWAPPING to +11 war axe "Muizalusm" {vorpal,
                  | Int+3 Dex+2}.
 11247 | Lair:5   | 11247 ||| INVOKING Heroism.
 11260 | Lair:5   | 11260 ||| INVOKING Heroism.
 11303 | Lair:5   | 11303 ||| INVOKING Heroism.
 11311 | Lair:5   | 11311 ||| INVOKING Finesse.
 11339 | Lair:5   | Reached skill level 15 in Axes
 11401 | Lair:5   | 11401 ||| Stepping ~*~*~tactically~*~*~ (stealth).
 11402 | Lair:5   | 11402 ||| Stepping ~*~*~tactically~*~*~ (stealth).
 11403 | Lair:5   | 11403 ||| Stepping ~*~*~tactically~*~*~ (stealth).
 11405 | Lair:5   | 11405 ||| Stepping ~*~*~tactically~*~*~ (stealth).
 11406 | Lair:5   | 11406 ||| Stepping ~*~*~tactically~*~*~ (stealth).
 11407 | Lair:5   | 11407 ||| Stepping ~*~*~tactically~*~*~ (stealth).
 11409 | Lair:5   | 11409 ||| Stepping ~*~*~tactically~*~*~ (stealth).
 11410 | Lair:5   | 11410 ||| Stepping ~*~*~tactically~*~*~ (stealth).
 11411 | Lair:5   | 11411 ||| Stepping ~*~*~tactically~*~*~ (stealth).
 11415 | Lair:5   | 11415 ||| Stepping ~*~*~tactically~*~*~ (stealth).
 11505 | Lair:5   | 11505 ||| INVOKING Heroism.
 11581 | Lair:5   | 11581 ||| Stepping ~*~*~tactically~*~*~ (stealth).
 11584 | Lair:5   | 11584 ||| Stepping ~*~*~tactically~*~*~ (stealth).
 11586 | Lair:5   | 11586 ||| Stepping ~*~*~tactically~*~*~ (stealth).
 11588 | Lair:5   | 11588 ||| INVOKING Heroism.
 11589 | Lair:5   | 11589 ||| Stepping ~*~*~tactically~*~*~ (stealth).
 11593 | Lair:5   | Reached skill level 12 in Fighting
 11596 | Lair:5   | 11596 ||| Stepping ~*~*~tactically~*~*~ (stealth).
 11634 | Lair:5   | 11634 ||| INVOKING Finesse.
 11644 | Lair:5   | 11644 ||| SWAPPING to +8 whip of the Globe {spect, rElec}.
 11651 | Lair:5   | 11651 ||| SWAPPING to +11 war axe "Muizalusm" {vorpal,
                  | Int+3 Dex+2}.
 11705 | Lair:5   | Noticed qw's ghost (journeyman GrFi)
 11709 | Lair:5   | 11709 ||| INVOKING Heroism.
 11724 | Lair:5   | Gained mutation: Your large and strong wings let you fly.
                  | [Gargoyle growth]
 11724 | Lair:5   | Reached XP level 14. HP: 82/92 MP: 21/21
 11778 | Lair:5   | 11778 ||| INVOKING Heroism.
 11779 | Lair:5   | 11779 ||| INVOKING Finesse.
 11782 | Lair:5   | 11782 ||| SWAPPING to +8 whip of the Globe {spect, rElec}.
 11785 | Lair:5   | 11785 ||| Stepping ~*~*~tactically~*~*~ (outnumbered).
 11786 | Lair:5   | 11786 ||| Stepping ~*~*~tactically~*~*~ (outnumbered).
 11787 | Lair:5   | 11787 ||| Stepping ~*~*~tactically~*~*~ (outnumbered).
 11788 | Lair:5   | 11788 ||| Stepping ~*~*~tactically~*~*~ (outnumbered).
 11789 | Lair:5   | 11789 ||| Stepping ~*~*~tactically~*~*~ (outnumbered).
 11790 | Lair:5   | 11790 ||| Stepping ~*~*~tactically~*~*~ (outnumbered).
 11791 | Lair:5   | 11791 ||| Stepping ~*~*~tactically~*~*~ (outnumbered).
 11792 | Lair:5   | 11792 ||| Stepping ~*~*~tactically~*~*~ (outnumbered).
 11793 | Lair:5   | 11793 ||| Stepping ~*~*~tactically~*~*~ (outnumbered).
 11794 | Lair:5   | 11794 ||| Stepping ~*~*~tactically~*~*~ (outnumbered).
 11795 | Lair:5   | 11795 ||| Stepping ~*~*~tactically~*~*~ (outnumbered).
 11796 | Lair:5   | 11796 ||| Stepping ~*~*~tactically~*~*~ (outnumbered).
 11796 | Lair:5   | Found a transporter.
 11797 | Lair:5   | 11797 ||| Stepping ~*~*~tactically~*~*~ (outnumbered).
 11798 | Lair:5   | 11798 ||| Stepping ~*~*~tactically~*~*~ (outnumbered).
 11799 | Lair:5   | 11799 ||| Stepping ~*~*~tactically~*~*~ (outnumbered).
 11800 | Lair:5   | 11800 ||| Stepping ~*~*~tactically~*~*~ (outnumbered).
 11801 | Lair:5   | 11801 ||| Stepping ~*~*~tactically~*~*~ (outnumbered).
 11802 | Lair:5   | 11802 ||| Stepping ~*~*~tactically~*~*~ (outnumbered).
 11807 | Lair:5   | 11807 ||| SWAPPING to +11 war axe "Muizalusm" {vorpal,
                  | Int+3 Dex+2}.
 11809 | Lair:5   | 11809 ||| SWAPPING to +8 whip of the Globe {spect, rElec}.
 11814 | Lair:5   | Received a gift from Okawaru
 11818 | Lair:5   | 11818 ||| SWAPPING to +11 war axe "Muizalusm" {vorpal,
                  | Int+3 Dex+2}.
 11883 | Lair:5   | Found a transporter.
 11898 | Lair:5   | 11898 ||| INVOKING Heroism.
 11899 | Lair:5   | 11899 ||| INVOKING Finesse.
 11900 | Lair:5   | 11900 ||| SWAPPING to +8 whip of the Globe {spect, rElec}.
 11905 | Lair:5   | 11905 ||| SWAPPING to +11 war axe "Muizalusm" {vorpal,
                  | Int+3 Dex+2}.
 12034 | Lair:5   | 12034 ||| Stepping ~*~*~tactically~*~*~ (hiding).
 12046 | Lair:5   | 12046 ||| Stepping ~*~*~tactically~*~*~ (hiding).
 12085 | Lair:5   | 12085 ||| INVOKING Heroism.
 12183 | Lair:5   | 12183 ||| Stepping ~*~*~tactically~*~*~ (hiding).
 12271 | Lair:5   | 12271 ||| Stepping ~*~*~tactically~*~*~ (stealth).
 12283 | Lair:5   | 12283 ||| Stepping ~*~*~tactically~*~*~ (stealth).
 12286 | Lair:5   | 12286 ||| INVOKING Heroism.
 12299 | Lair:5   | Found a large runed translucent door.
 12300 | Lair:5   | Found a large runed translucent door.
 12751 | Lair:5   | 12751 ||| PLANNING D:1-11
 12913 | D:9      | 12913 ||| Stepping ~*~*~tactically~*~*~ (hiding).
 12918 | D:9      | 12918 ||| DRINKING 2 potions of curing.
 12918 | D:9      | 12918 ||| (to cure confusion)
 12970 | D:9      | Noticed Erolcha
 12971 | D:9      | 12971 ||| INVOKING Heroism.
 12973 | D:9      | 12973 ||| Stepping ~*~*~tactically~*~*~ (hiding).
 12988 | D:9      | Killed Erolcha
 13073 | D:9      | 13073 ||| Stepping ~*~*~tactically~*~*~ (stealth).
 13077 | D:9      | 13077 ||| Stepping ~*~*~tactically~*~*~ (hiding).
 13079 | D:9      | 13079 ||| Stepping ~*~*~tactically~*~*~ (hiding).
 13080 | D:9      | 13080 ||| Stepping ~*~*~tactically~*~*~ (hiding).
 13084 | D:9      | 13084 ||| Stepping ~*~*~tactically~*~*~ (stealth).
 13087 | D:9      | 13087 ||| Stepping ~*~*~tactically~*~*~ (stealth).
 13089 | D:9      | 13089 ||| Stepping ~*~*~tactically~*~*~ (stealth).
 13093 | D:9      | 13093 ||| Stepping ~*~*~tactically~*~*~ (stealth).
 13094 | D:9      | 13094 ||| Stepping ~*~*~tactically~*~*~ (stealth).
 13096 | D:9      | 13096 ||| Stepping ~*~*~tactically~*~*~ (stealth).
 13104 | D:9      | 13104 ||| Stepping ~*~*~tactically~*~*~ (stealth).
 13108 | D:9      | 13108 ||| Stepping ~*~*~tactically~*~*~ (stealth).
 13109 | D:9      | 13109 ||| Stepping ~*~*~tactically~*~*~ (stealth).
 13121 | D:9      | 13121 ||| Stepping ~*~*~tactically~*~*~ (stealth).
 13129 | D:9      | Reached skill level 13 in Fighting
 13227 | D:9      | 13227 ||| Stepping ~*~*~tactically~*~*~ (stealth).
 13237 | D:9      | 13237 ||| Stepping ~*~*~tactically~*~*~ (stealth).
 13286 | D:9      | 13286 ||| Stepping ~*~*~tactically~*~*~ (stealth).
 13297 | D:9      | 13297 ||| Stepping ~*~*~tactically~*~*~ (stealth).
 13301 | D:9      | 13301 ||| Stepping ~*~*~tactically~*~*~ (stealth).
 13311 | D:9      | Identified the +1 pair of gloves "Nutwarutz" {rElec rF++
                  | Regen+ Dex-2}
 13347 | D:9      | 13347 ||| Stepping ~*~*~tactically~*~*~ (stealth).
 13349 | D:9      | 13349 ||| Stepping ~*~*~tactically~*~*~ (stealth).
 13351 | D:9      | 13351 ||| Stepping ~*~*~tactically~*~*~ (stealth).
 13353 | D:9      | 13353 ||| Stepping ~*~*~tactically~*~*~ (stealth).
 13355 | D:9      | 13355 ||| Stepping ~*~*~tactically~*~*~ (stealth).
 13358 | D:9      | 13358 ||| Stepping ~*~*~tactically~*~*~ (stealth).
 13373 | D:9      | 13373 ||| Stepping ~*~*~tactically~*~*~ (stealth).
 13375 | D:9      | 13375 ||| Stepping ~*~*~tactically~*~*~ (hiding).
 13403 | D:9      | Found Sunuus's Book Boutique.
 13404 | D:9      | 13404 ||| INVOKING Heroism.
 13405 | D:9      | 13405 ||| Stepping ~*~*~tactically~*~*~ (stealth).
 13408 | D:9      | 13408 ||| Stepping ~*~*~tactically~*~*~ (stealth).
 13425 | D:9      | 13425 ||| Stepping ~*~*~tactically~*~*~ (hiding).
 13426 | D:9      | 13426 ||| Stepping ~*~*~tactically~*~*~ (hiding).
 13427 | D:9      | 13427 ||| Stepping ~*~*~tactically~*~*~ (hiding).
 13428 | D:9      | 13428 ||| Stepping ~*~*~tactically~*~*~ (hiding).
 13448 | D:9      | Noticed Maggie
 13451 | D:9      | 13451 ||| Stepping ~*~*~tactically~*~*~ (stealth).
 13453 | D:9      | 13453 ||| Stepping ~*~*~tactically~*~*~ (stealth).
 13454 | D:9      | 13454 ||| INVOKING Heroism.
 13464 | D:9      | Found Etimibecs's Assorted Antiques.
 13474 | D:9      | Killed Maggie
 13475 | D:9      | Reached skill level 9 in Shields
 13522 | D:9      | Found Rostuina's Distillery.
 13534 | D:9      | 13534 ||| INVOKING Heroism.
 13545 | D:9      | 13545 ||| Stepping ~*~*~tactically~*~*~ (stealth).
 13554 | D:9      | Found Yttuhon's Assorted Antiques.
 13559 | D:9      | 13559 ||| BUYING potion of attraction (42 gold).
 13559 | D:9      | Bought a potion of attraction for 42 gold pieces
 13559 | D:9      | 13559 ||| BUYING potion of curing (42 gold).
 13559 | D:9      | Bought a potion of curing for 42 gold pieces
 13559 | D:9      | 13559 ||| BUYING potion of curing (42 gold).
 13559 | D:9      | Bought a potion of curing for 42 gold pieces
 13559 | D:9      | 13559 ||| BUYING potion of haste (140 gold).
 13559 | D:9      | Bought a potion of haste for 140 gold pieces
 13559 | D:9      | 13559 ||| BUYING potion of heal wounds (70 gold).
 13559 | D:9      | Bought a potion of heal wounds for 70 gold pieces
 13559 | D:9      | 13559 ||| BUYING potion of lignification (42 gold).
 13559 | D:9      | Bought a potion of lignification for 42 gold pieces
 13573 | D:9      | 13573 ||| BUYING ancient mace (240 gold).
 13573 | D:9      | Bought an ancient mace for 240 gold pieces
 13573 | D:9      | Identified the +7 mace "Cage" {freeze, rN+ Int+2 Dex+3}
                  | (You bought it in a shop on level 9 of the Dungeon)
 13573 | D:9      | 13573 ||| BUYING pair of glowing boots (225 gold).
 13573 | D:9      | Bought a pair of glowing boots for 225 gold pieces
 13573 | D:9      | 13573 ||| BUYING potion of curing (90 gold).
 13573 | D:9      | Bought a potion of curing for 90 gold pieces
 13573 | D:9      | 13573 ||| SHOPLISTING potion of curing (90 gold, have 64).
 13573 | D:9      | 13573 ||| BUYING scroll of identify (60 gold).
 13573 | D:9      | Bought a scroll of identify for 60 gold pieces
 13573 | D:9      | 13573 ||| SHOPLISTING scroll of identify (60 gold, have 4).
 13573 | D:9      | 13573 ||| SHOPLISTING steaming war axe (255 gold, have 4).
 13573 | D:9      | 13573 ||| DROPPING +7 mace "Cage" {freeze, rN+ Int+2
                  | Dex+3}.
 13579 | D:9      | Noticed Joseph
 13580 | D:9      | 13580 ||| Stepping ~*~*~tactically~*~*~ (hiding).
 13589 | D:9      | Killed Joseph
 13654 | D:9      | 13654 ||| SHOPLISTING brown potion (28 gold, have 4).
 13654 | D:9      | 13654 ||| SHOPLISTING potion of curing (96 gold, have 4).
 13654 | D:9      | 13654 ||| SHOPLISTING potion of lignification (96 gold,
                  | have 4).
 13654 | D:9      | 13654 ||| SHOPLISTING scroll labelled MOLI VAAMIL (32 gold,
                  | have 4).
 13654 | D:9      | 13654 ||| SHOPLISTING scroll of teleportation (96 gold,
                  | have 4).
 13942 | D:9      | 13942 ||| UPGRADING to +1 pair of gloves "Nutwarutz" {rElec
                  | rF++ Regen+ Dex-2}.
 13952 | D:9      | 13952 ||| DROPPING +0 pair of gloves of Okawaru's Favour
                  | {Fly rF+ Str+8 Dex-2}.
 13953 | D:9      | 13953 ||| DROPPING +2 pair of boots.
 13954 | D:9      | 13954 ||| READING 2 scrolls labelled WIOHEANAGG.
 13955 | D:9      | 13955 ||| DROPPING scroll of magic mapping.
 14011 | D:10     | Entered Level 10 of the Dungeon
 14015 | D:10     | 14015 ||| Stepping ~*~*~tactically~*~*~ (stealth).
 14019 | D:10     | 14019 ||| Stepping ~*~*~tactically~*~*~ (stealth).
 14023 | D:10     | 14023 ||| Stepping ~*~*~tactically~*~*~ (stealth).
 14030 | D:10     | 14030 ||| INVOKING Heroism.
 14045 | D:10     | 14045 ||| Stepping ~*~*~tactically~*~*~ (stealth).
 14047 | D:10     | 14047 ||| Stepping ~*~*~tactically~*~*~ (stealth).
 14049 | D:10     | 14049 ||| Stepping ~*~*~tactically~*~*~ (stealth).
 14053 | D:10     | 14053 ||| READING scroll of enchant armour.
 14053 | D:10     | 14053 ||| ENCHANTING +1 cloak.
 14056 | D:10     | 14056 ||| Stepping ~*~*~tactically~*~*~ (stealth).
 14058 | D:10     | 14058 ||| Stepping ~*~*~tactically~*~*~ (stealth).
 14059 | D:10     | 14059 ||| Stepping ~*~*~tactically~*~*~ (stealth).
 14061 | D:10     | 14061 ||| Stepping ~*~*~tactically~*~*~ (stealth).
 14063 | D:10     | 14063 ||| Stepping ~*~*~tactically~*~*~ (stealth).
 14109 | D:10     | Found Kascheik's Jewellery Boutique.
 14117 | D:10     | 14117 ||| SHOPLISTING amulet of reflection (450 gold, have
                  | 29).
 14117 | D:10     | 14117 ||| SHOPLISTING amulet of regeneration (450 gold,
                  | have 29).
 14117 | D:10     | 14117 ||| SHOPLISTING amulet of the acrobat (450 gold, have
                  | 29).
 14117 | D:10     | 14117 ||| SHOPLISTING ring of ice (375 gold, have 29).
 14252 | D:10     | 14252 ||| Stepping ~*~*~tactically~*~*~ (stealth).
 14396 | D:10     | 14396 ||| INVOKING Heroism.
 14428 | D:10     | Found a snail-covered altar of Cheibriados.
 14443 | D:10     | Found an ancient bone altar of Kikubaaqudgha.
 14461 | D:10     | 14461 ||| Stepping ~*~*~tactically~*~*~ (stealth).
 14463 | D:10     | 14463 ||| Stepping ~*~*~tactically~*~*~ (stealth).
 14469 | D:10     | 14469 ||| Stepping ~*~*~tactically~*~*~ (stealth).
 14477 | D:10     | 14477 ||| INVOKING Heroism.
 14656 | D:10     | 14656 ||| Stepping ~*~*~tactically~*~*~ (hiding).
 14800 | D:10     | 14800 ||| UPGRADING to +0 kite shield.
 14810 | D:10     | 14810 ||| DROPPING +0 buckler.
 14811 | D:10     | 14811 ||| UPGRADING to +0 helmet.
 14816 | D:10     | 14816 ||| DRINKING 2 fizzy brown potions.
 14880 | D:11     | 14880 ||| Stepping ~*~*~tactically~*~*~ (stealth).
 14940 | D:11     | 14940 ||| Stepping ~*~*~tactically~*~*~ (stealth).
 14942 | D:11     | 14942 ||| Stepping ~*~*~tactically~*~*~ (stealth).
 14944 | D:11     | 14944 ||| INVOKING Heroism.
 14955 | D:11     | Received a gift from Okawaru
 14984 | D:11     | 14984 ||| Stepping ~*~*~tactically~*~*~ (stealth).
 14986 | D:11     | 14986 ||| Stepping ~*~*~tactically~*~*~ (stealth).
 14988 | D:11     | 14988 ||| Stepping ~*~*~tactically~*~*~ (stealth).
 15036 | D:11     | 15036 ||| INVOKING Heroism.
 15038 | D:11     | 15038 ||| Stepping ~*~*~tactically~*~*~ (stealth).
 15059 | D:11     | 15059 ||| Stepping ~*~*~tactically~*~*~ (stealth).
 15062 | D:11     | 15062 ||| Stepping ~*~*~tactically~*~*~ (stealth).
 15066 | D:11     | 15066 ||| Stepping ~*~*~tactically~*~*~ (stealth).
 15068 | D:11     | 15068 ||| Stepping ~*~*~tactically~*~*~ (stealth).
 15096 | D:11     | Found a staircase to the Orcish Mines.
 15099 | D:11     | 15099 ||| INVOKING Heroism.
 15220 | D:11     | Noticed Erica
 15234 | D:11     | Killed Erica
 15348 | D:11     | 15348 ||| Stepping ~*~*~tactically~*~*~ (stealth).
 15350 | D:11     | 15350 ||| Stepping ~*~*~tactically~*~*~ (stealth).
 15360 | D:11     | 15360 ||| Stepping ~*~*~tactically~*~*~ (stealth).
 15362 | D:11     | 15362 ||| Stepping ~*~*~tactically~*~*~ (hiding).
 15363 | D:11     | 15363 ||| Stepping ~*~*~tactically~*~*~ (hiding).
 15368 | D:11     | 15368 ||| DRINKING 8 potions of curing.
 15368 | D:11     | 15368 ||| (to cure confusion)
 15487 | D:11     | Found a sacrificial altar of Ru.
 15494 | D:11     | Reached XP level 15. HP: 99/99 MP: 22/22
 15676 | D:11     | 15676 ||| Stepping ~*~*~tactically~*~*~ (hiding).
 15839 | D:11     | 15839 ||| PLANNING D
 15892 | D:12     | 15892 ||| INVOKING Heroism.
 15968 | D:12     | 15968 ||| INVOKING Heroism.
 16038 | D:12     | 16038 ||| INVOKING Heroism.
 16044 | D:12     | 16044 ||| Stepping ~*~*~tactically~*~*~ (stealth).
 16050 | D:12     | 16050 ||| Stepping ~*~*~tactically~*~*~ (hiding).
 16051 | D:12     | 16051 ||| Stepping ~*~*~tactically~*~*~ (hiding).
 16052 | D:12     | 16052 ||| Stepping ~*~*~tactically~*~*~ (hiding).
 16059 | D:12     | Received a gift from Okawaru
 16097 | D:12     | 16097 ||| INVOKING Heroism.
 16124 | D:12     | Identified the +8 long sword of Prudence {vorpal, Will-
                  | Str+3 Dex+3}
 16141 | D:12     | 16141 ||| Stepping ~*~*~tactically~*~*~ (stealth).
 16143 | D:12     | 16143 ||| Stepping ~*~*~tactically~*~*~ (stealth).
 16145 | D:12     | 16145 ||| Stepping ~*~*~tactically~*~*~ (stealth).
 16147 | D:12     | 16147 ||| Stepping ~*~*~tactically~*~*~ (stealth).
 16149 | D:12     | 16149 ||| Stepping ~*~*~tactically~*~*~ (stealth).
 16151 | D:12     | 16151 ||| Stepping ~*~*~tactically~*~*~ (stealth).
 16156 | D:12     | 16156 ||| Stepping ~*~*~tactically~*~*~ (hiding).
 16329 | D:12     | 16329 ||| Stepping ~*~*~tactically~*~*~ (stealth).
 16338 | D:12     | 16338 ||| Stepping ~*~*~tactically~*~*~ (hiding).
 16339 | D:12     | 16339 ||| Stepping ~*~*~tactically~*~*~ (hiding).
 16341 | D:12     | 16341 ||| Stepping ~*~*~tactically~*~*~ (hiding).
 16342 | D:12     | 16342 ||| Stepping ~*~*~tactically~*~*~ (hiding).
 16348 | D:12     | Reached skill level 12 in Shields
 16499 | D:12     | 16499 ||| Stepping ~*~*~tactically~*~*~ (stealth).
 16515 | D:12     | 16515 ||| Stepping ~*~*~tactically~*~*~ (hiding).
 16518 | D:12     | 16518 ||| INVOKING Heroism.
 16528 | D:12     | 16528 ||| READING 7 scrolls of teleportation.
 16533 | D:12     | Identified the +9 ice dragon scales "Zyossoq" {rF- rC++
                  | Dex+3} (Okawaru gifted it to you on level 12 of the
                  | Dungeon)
 16533 | D:12     | Received a gift from Okawaru
 16648 | D:12     | 16648 ||| INVOKING Heroism.
 16873 | D:12     | 16873 ||| Stepping ~*~*~tactically~*~*~ (stealth).
 16875 | D:12     | 16875 ||| Stepping ~*~*~tactically~*~*~ (stealth).
 16877 | D:12     | 16877 ||| Stepping ~*~*~tactically~*~*~ (stealth).
 17022 | D:12     | 17022 ||| UPGRADING to +9 ice dragon scales "Zyossoq" {rF-
                  | rC++ Dex+3}.
 17032 | D:12     | 17032 ||| READING scroll labelled MOLI VAAMIL.
 17054 | D:13     | 17054 ||| STAIRDANCE
 17056 | D:12     | 17056 ||| INVOKING Heroism.
 17104 | D:13     | 17104 ||| INVOKING Heroism.
 17128 | D:13     | 17128 ||| Stepping ~*~*~tactically~*~*~ (hiding).
 17529 | D:13     | 17529 ||| Stepping ~*~*~tactically~*~*~ (hiding).
 17568 | D:13     | 17568 ||| Stepping ~*~*~tactically~*~*~ (hiding).
 17575 | D:13     | 17575 ||| INVOKING Heroism.
 17915 | D:14     | 17915 ||| STAIRDANCE
 17941 | D:14     | Reached skill level 9 in Armour
 18030 | D:14     | Found a gate to the Vaults.
 18031 | D:14     | 18031 ||| INVOKING Heroism.
 18032 | D:14     | 18032 ||| SWAPPING to +8 whip of the Globe {spect, rElec}.
 18033 | D:14     | 18033 ||| INVOKING Finesse.
 18040 | D:14     | 18040 ||| SWAPPING to +11 war axe "Muizalusm" {vorpal,
                  | Int+3 Dex+2}.
 18123 | D:14     | 18123 ||| Stepping ~*~*~tactically~*~*~ (hiding).
 18134 | D:14     | 18134 ||| Stepping ~*~*~tactically~*~*~ (stealth).
 18293 | D:14     | Noticed Lodul
 18294 | D:14     | 18294 ||| Stepping ~*~*~tactically~*~*~ (hiding).
 18298 | D:14     | 18298 ||| INVOKING Heroism.
 18303 | D:14     | Reached skill level 6 in Throwing
 18305 | D:14     | Killed Lodul
 18557 | D:14     | 18557 ||| DROPPING ring of wizardry.
 18569 | D:15     | Entered Level 15 of the Dungeon
 18618 | D:15     | 18618 ||| INVOKING Heroism.
 18626 | D:15     | Reached XP level 16. HP: 104/104 MP: 21/23
 18633 | D:15     | Found a staircase to the Depths.
 18697 | D:15     | Identified the amulet "Voifad" {rF+ Regen+ Str+2}
 18745 | D:15     | 18745 ||| Stepping ~*~*~tactically~*~*~ (hiding).
 18748 | D:15     | 18748 ||| INVOKING Heroism.
 18798 | D:15     | 18798 ||| Stepping ~*~*~tactically~*~*~ (hiding).
 18808 | D:15     | Received a gift from Okawaru
 18810 | D:15     | 18810 ||| SWAPPING to +2 broad axe of electrocution.
 18811 | D:15     | 18811 ||| DROPPING +11 war axe "Muizalusm" {vorpal, Int+3
                  | Dex+2}.
 18812 | D:15     | 18812 ||| READING 2 scrolls of enchant weapon.
 18812 | D:15     | 18812 ||| ENCHANTING +2 broad axe of electrocution.
 18813 | D:15     | 18813 ||| READING scroll of enchant weapon.
 18813 | D:15     | 18813 ||| ENCHANTING +3 broad axe of electrocution.
 18814 | D:15     | 18814 ||| READING scroll of brand weapon.
 18814 | D:15     | 18814 ||| BRANDING +4 broad axe of electrocution.
 18815 | D:15     | 18815 ||| DROPPING +8 whip of the Globe {spect, rElec}.
 18839 | D:15     | 18839 ||| INVOKING Heroism.
 19151 | D:15     | Noticed Agnes
 19152 | D:15     | 19152 ||| INVOKING Heroism.
 19153 | D:15     | 19153 ||| INVOKING Finesse.
 19157 | D:15     | Killed Agnes
 19241 | D:15     | 19241 ||| INVOKING Heroism.
 19399 | D:15     | 19399 ||| INVOKING Heroism.
 19419 | D:15     | 19419 ||| READING scroll of enchant weapon.
 19419 | D:15     | 19419 ||| ENCHANTING +4 broad axe of flaming.
 19435 | D:15     | 19435 ||| PLANNING ORC
 19435 | D:15     | 19435 ||| UPGRADING to amulet "Voifad" {rF+ Regen+ Str+2}.
 19440 | D:15     | 19440 ||| DROPPING +6 ring of dexterity.
 19441 | D:15     | 19441 ||| DRINKING 2 brown potions.
 19539 | Orc:1    | Entered Level 1 of the Orcish Mines
 19540 | Orc:1    | 19540 ||| Stepping ~*~*~tactically~*~*~ (hiding).
 19541 | Orc:1    | 19541 ||| INVOKING Heroism.
 19597 | Orc:1    | 19597 ||| Stepping ~*~*~tactically~*~*~ (hiding).
 19598 | Orc:1    | 19598 ||| Stepping ~*~*~tactically~*~*~ (hiding).
 19599 | Orc:1    | 19599 ||| Stepping ~*~*~tactically~*~*~ (hiding).
 19613 | Orc:1    | 19613 ||| Stepping ~*~*~tactically~*~*~ (stealth).
 19614 | Orc:1    | 19614 ||| Stepping ~*~*~tactically~*~*~ (stealth).
 19616 | Orc:1    | 19616 ||| Stepping ~*~*~tactically~*~*~ (hiding).
 19617 | Orc:1    | 19617 ||| Stepping ~*~*~tactically~*~*~ (hiding).
 19618 | Orc:1    | 19618 ||| Stepping ~*~*~tactically~*~*~ (hiding).
 19620 | Orc:1    | 19620 ||| Stepping ~*~*~tactically~*~*~ (hiding).
 19627 | Orc:1    | 19627 ||| Stepping ~*~*~tactically~*~*~ (stealth).
 19628 | Orc:1    | 19628 ||| Stepping ~*~*~tactically~*~*~ (stealth).
 19644 | Orc:1    | 19644 ||| Stepping ~*~*~tactically~*~*~ (stealth).
 19645 | Orc:1    | 19645 ||| Stepping ~*~*~tactically~*~*~ (stealth).
 19646 | Orc:1    | 19646 ||| Stepping ~*~*~tactically~*~*~ (stealth).
 19647 | Orc:1    | 19647 ||| Stepping ~*~*~tactically~*~*~ (stealth).
 19648 | Orc:1    | 19648 ||| Stepping ~*~*~tactically~*~*~ (stealth).
 19649 | Orc:1    | 19649 ||| Stepping ~*~*~tactically~*~*~ (stealth).
 19650 | Orc:1    | 19650 ||| Stepping ~*~*~tactically~*~*~ (stealth).
 19656 | Orc:1    | 19656 ||| INVOKING Heroism.
 19798 | Orc:1    | 19798 ||| Stepping ~*~*~tactically~*~*~ (stealth).
 19907 | Orc:2    | Entered Level 2 of the Orcish Mines
 19915 | Orc:2    | 19915 ||| Stepping ~*~*~tactically~*~*~ (stealth).
 19917 | Orc:2    | 19917 ||| Stepping ~*~*~tactically~*~*~ (stealth).
 19925 | Orc:2    | 19925 ||| Stepping ~*~*~tactically~*~*~ (stealth).
 19928 | Orc:2    | 19928 ||| Stepping ~*~*~tactically~*~*~ (stealth).
 19942 | Orc:2    | 19942 ||| INVOKING Heroism.
 19943 | Orc:2    | 19943 ||| INVOKING Finesse.
 20017 | Orc:2    | Found a staircase to the Elven Halls.
 20200 | Orc:2    | 20200 ||| INVOKING Heroism.
 20259 | Orc:2    | 20259 ||| INVOKING Heroism.
 20262 | Orc:2    | 20262 ||| INVOKING Finesse.
 20281 | Orc:2    | Received a gift from Okawaru
 20348 | Orc:2    | 20348 ||| INVOKING Heroism.
 20397 | Orc:2    | Identified the +2 lajatang "Murmur" {venom, rPois rCorr
                  | Str+3} (Okawaru gifted it to you on level 2 of the Orcish
                  | Mines)
 20397 | Orc:2    | Received a gift from Okawaru
 20411 | Orc:2    | 20411 ||| INVOKING Heroism.
 20545 | Orc:2    | 20545 ||| INVOKING Heroism.
 20548 | Orc:2    | Noticed Josephine
 20566 | Orc:2    | Killed Josephine
 20621 | Orc:2    | Found Kadios's Weapon Boutique.
 20621 | Orc:2    | Found Alolielo's Armour Shoppe.
 20621 | Orc:2    | Found Asol's Antique Weapon Emporium.
 20624 | Orc:2    | Found Peragi's Armour Shop.
 20629 | Orc:2    | 20629 ||| BUYING +1 cloak of willpower (247 gold).
 20629 | Orc:2    | Bought a +1 cloak of willpower for 247 gold pieces
 20636 | Orc:2    | 20636 ||| SHOPLISTING +7 swamp dragon scales of Quga {rPois
                  | rC+ Str+2 Dex+2} (1893 gold, have 1592).
 20870 | Orc:2    | 20870 ||| PLANNING SWAMP:1-3
 20870 | Orc:2    | 20870 ||| UPGRADING to +1 cloak of willpower.
 21070 | Swamp:1  | Entered Level 1 of the Swamp
 21078 | Swamp:1  | 21078 ||| INVOKING Heroism.
 21086 | Swamp:1  | 21086 ||| Stepping ~*~*~tactically~*~*~ (stealth).
 21109 | Swamp:1  | 21109 ||| Stepping ~*~*~tactically~*~*~ (stealth).
 21111 | Swamp:1  | 21111 ||| Stepping ~*~*~tactically~*~*~ (hiding).
 21216 | Swamp:1  | 21216 ||| Stepping ~*~*~tactically~*~*~ (stealth).
 21219 | Swamp:1  | 21219 ||| INVOKING Heroism.
 21238 | Swamp:1  | 21238 ||| READING scroll of brand weapon.
 21238 | Swamp:1  | 21238 ||| BRANDING +5 broad axe of flaming.
 21239 | Swamp:1  | 21239 ||| DROPPING +2 war axe of holy wrath.
 21246 | Swamp:1  | Found a transporter.
 21256 | Swamp:1  | 21256 ||| Stepping randomly (cloudy).
 21268 | Swamp:1  | Found a transporter.
 21281 | Swamp:1  | 21281 ||| INVOKING Heroism.
 21385 | Swamp:1  | Found a blossoming altar of Fedhas.
 21448 | Swamp:1  | 21448 ||| Stepping ~*~*~tactically~*~*~ (hiding).
 21569 | Swamp:1  | 21569 ||| Stepping ~*~*~tactically~*~*~ (hiding).
 21764 | Swamp:2  | 21764 ||| Stepping ~*~*~tactically~*~*~ (hiding).
 21783 | Swamp:2  | 21783 ||| Stepping ~*~*~tactically~*~*~ (stealth).
 21862 | Swamp:2  | 21862 ||| INVOKING Heroism.
 21863 | Swamp:2  | 21863 ||| INVOKING Finesse.
 21923 | Swamp:2  | 21923 ||| Stepping ~*~*~tactically~*~*~ (hiding).
 21929 | Swamp:2  | 21929 ||| Stepping ~*~*~tactically~*~*~ (hiding).
 21936 | Swamp:2  | Reached skill level 18 in Axes
 22004 | Swamp:2  | Reached XP level 17. HP: 109/109 MP: 24/24
 22010 | Swamp:2  | 22010 ||| INVOKING Heroism.
 22039 | Swamp:2  | 22039 ||| Stepping ~*~*~tactically~*~*~ (hiding).
 22040 | Swamp:2  | 22040 ||| Stepping ~*~*~tactically~*~*~ (hiding).
 22063 | Swamp:2  | 22063 ||| Stepping ~*~*~tactically~*~*~ (hiding).
 22076 | Swamp:2  | 22076 ||| INVOKING Heroism.
 22078 | Swamp:2  | 22078 ||| SWAPPING to +0 club.
 22090 | Swamp:2  | Received a gift from Okawaru
 22091 | Swamp:2  | 22091 ||| SWAPPING to +5 spectral broad axe.
 22187 | Swamp:2  | 22187 ||| DROPPING +0 club.
 22198 | Swamp:2  | 22198 ||| INVOKING Heroism.
 22274 | Swamp:2  | 22274 ||| READING scroll labelled REDDUN RYRPHU.
 22376 | Swamp:3  | Reached skill level 12 in Armour
 22388 | Swamp:3  | 22388 ||| INVOKING Heroism.
 22422 | Swamp:3  | 22422 ||| INVOKING Heroism.
 22505 | Swamp:3  | 22505 ||| INVOKING Heroism.
 22508 | Swamp:3  | 22508 ||| SWAPPING to +0 mace.
 22519 | Swamp:3  | 22519 ||| SWAPPING to +5 spectral broad axe.
 22576 | Swamp:3  | Noticed Mlioglotl
 22577 | Swamp:3  | 22577 ||| INVOKING Heroism.
 22578 | Swamp:3  | 22578 ||| INVOKING Finesse.
 22588 | Swamp:3  | Killed Mlioglotl
 22589 | Swamp:3  | Reached skill level 14 in Fighting
 22650 | Swamp:3  | 22650 ||| INVOKING Heroism.
 22739 | Swamp:3  | 22739 ||| Stepping ~*~*~tactically~*~*~ (hiding).
 22742 | Swamp:3  | 22742 ||| Stepping ~*~*~tactically~*~*~ (hiding).
 22744 | Swamp:3  | 22744 ||| INVOKING Heroism.
 22745 | Swamp:3  | 22745 ||| INVOKING Finesse.
 22790 | Swamp:3  | 22790 ||| Stepping ~*~*~tactically~*~*~ (hiding).
 22833 | Swamp:3  | 22833 ||| INVOKING Heroism.
 22834 | Swamp:3  | 22834 ||| INVOKING Finesse.
 22885 | Swamp:3  | 22885 ||| INVOKING Heroism.
 22890 | Swamp:3  | Identified the +5 chain mail of Hedging {rElec rC+++ Will-
                  | Stlth+} (Okawaru gifted it to you on level 3 of the Swamp)
 22890 | Swamp:3  | Received a gift from Okawaru
 22913 | Swamp:3  | 22913 ||| READING scroll of enchant weapon.
 22913 | Swamp:3  | 22913 ||| ENCHANTING +5 spectral broad axe.
 22949 | Swamp:3  | 22949 ||| INVOKING Heroism.
 22950 | Swamp:3  | 22950 ||| INVOKING Finesse.
 22997 | Swamp:3  | 22997 ||| INVOKING Heroism.
 22998 | Swamp:3  | 22998 ||| INVOKING Finesse.
 23120 | Swamp:3  | Found a runed translucent gate.
 23120 | Swamp:3  | Found a runed translucent gate.
 23120 | Swamp:3  | Found a runed translucent gate.
 23121 | Swamp:3  | Noticed qw's ghost (adept GrFi)
 23201 | Swamp:3  | 23201 ||| INVOKING Heroism.
 23202 | Swamp:3  | 23202 ||| SWAPPING to +0 mace.
 23221 | Swamp:3  | 23221 ||| SWAPPING to +6 spectral broad axe.
 23528 | Swamp:3  | 23528 ||| PLANNING SNAKE:1-3
 23528 | Swamp:3  | 23528 ||| DROPPING ring of positive energy.
 23624 | Snake:1  | Entered Level 1 of the Snake Pit
 23627 | Snake:1  | 23627 ||| Stepping ~*~*~tactically~*~*~ (hiding).
 23630 | Snake:1  | 23630 ||| Stepping ~*~*~tactically~*~*~ (stealth).
 23646 | Snake:1  | 23646 ||| INVOKING Heroism.
 23648 | Snake:1  | 23648 ||| Stepping ~*~*~tactically~*~*~ (hiding).
 23649 | Snake:1  | 23649 ||| Stepping ~*~*~tactically~*~*~ (hiding).
 23651 | Snake:1  | 23651 ||| Stepping ~*~*~tactically~*~*~ (hiding).
 23762 | Snake:1  | 23762 ||| Stepping ~*~*~tactically~*~*~ (stealth).
 23765 | Snake:1  | 23765 ||| Stepping ~*~*~tactically~*~*~ (hiding).
 23916 | Snake:1  | 23916 ||| Stepping ~*~*~tactically~*~*~ (hiding).
 23918 | Snake:1  | 23918 ||| Stepping ~*~*~tactically~*~*~ (hiding).
 24167 | Snake:1  | 24167 ||| Stepping ~*~*~tactically~*~*~ (hiding).
 24191 | Snake:1  | 24191 ||| INVOKING Heroism.
 24203 | Snake:1  | Reached skill level 15 in Fighting
 24305 | Snake:1  | 24305 ||| Stepping ~*~*~tactically~*~*~ (hiding).
 24344 | Snake:1  | Found Farchoo's Armour Shoppe.
 24373 | Snake:1  | 24373 ||| INVOKING Heroism.
 24449 | Snake:1  | 24449 ||| Stepping ~*~*~tactically~*~*~ (hiding).
 24514 | Snake:1  | 24514 ||| Stepping ~*~*~tactically~*~*~ (stealth).
 24534 | Snake:1  | 24534 ||| INVOKING Heroism.
 24629 | Snake:1  | 24629 ||| UPGRADING to +1 kite shield of resistance.
 24639 | Snake:1  | 24639 ||| DROPPING +0 kite shield.
 24677 | Snake:2  | 24677 ||| Stepping ~*~*~tactically~*~*~ (hiding).
 24679 | Snake:2  | 24679 ||| INVOKING Heroism.
 24685 | Snake:2  | 24685 ||| Stepping ~*~*~tactically~*~*~ (hiding).
 24714 | Snake:2  | 24714 ||| DROPPING +0 mace.
 24791 | Snake:2  | 24791 ||| INVOKING Heroism.
 24796 | Snake:2  | 24796 ||| Stepping ~*~*~tactically~*~*~ (hiding).
 24830 | Snake:2  | 24830 ||| DROPPING +0 flail.
 24864 | Snake:2  | 24864 ||| Stepping ~*~*~tactically~*~*~ (hiding).
 24987 | Snake:2  | 24987 ||| Stepping ~*~*~tactically~*~*~ (hiding).
 25110 | Snake:2  | 25110 ||| Stepping ~*~*~tactically~*~*~ (hiding).
 25112 | Snake:2  | 25112 ||| Stepping ~*~*~tactically~*~*~ (hiding).
 25355 | Snake:2  | Found Dinair's Assorted Antiques.
 25355 | Snake:2  | Found Zovap's Book Boutique.
 25369 | Snake:2  | 25369 ||| BUYING fine lead ring (140 gold).
 25369 | Snake:2  | Bought a fine lead ring for 140 gold pieces
 25369 | Snake:2  | Identified the ring of Gozag, Hungering {Will+ Int+6 SInv}
                  | (You bought it in a shop on level 2 of the Snake Pit)
 25399 | Snake:2  | 25399 ||| Stepping ~*~*~tactically~*~*~ (hiding).
 25400 | Snake:2  | 25400 ||| Stepping ~*~*~tactically~*~*~ (hiding).
 25745 | Snake:2  | 25745 ||| UPGRADING to ring of Gozag, Hungering {Will+
                  | Int+6 SInv}.
 25870 | Snake:3  | 25870 ||| Stepping ~*~*~tactically~*~*~ (hiding).
 25877 | Snake:3  | 25877 ||| INVOKING Heroism.
 25879 | Snake:3  | 25879 ||| Stepping ~*~*~tactically~*~*~ (hiding).
 25926 | Snake:3  | 25926 ||| Stepping ~*~*~tactically~*~*~ (stealth).
 25930 | Snake:3  | Reached skill level 15 in Shields
 25933 | Snake:3  | 25933 ||| Stepping ~*~*~tactically~*~*~ (hiding).
 25944 | Snake:3  | 25944 ||| Stepping ~*~*~tactically~*~*~ (hiding).
 25946 | Snake:3  | 25946 ||| INVOKING Heroism.
 25995 | Snake:3  | 25995 ||| Stepping ~*~*~tactically~*~*~ (hiding).
 25996 | Snake:3  | 25996 ||| Stepping ~*~*~tactically~*~*~ (hiding).
 26000 | Snake:3  | 26000 ||| INVOKING Heroism.
 26008 | Snake:3  | Reached XP level 18. HP: 115/119 MP: 23/25
 26014 | Snake:3  | 26014 ||| DROPPING +0 morningstar.
 26057 | Snake:3  | 26057 ||| Stepping ~*~*~tactically~*~*~ (hiding).
 26115 | Snake:3  | 26115 ||| INVOKING Heroism.
 26380 | Snake:3  | 26380 ||| INVOKING Heroism.
 26982 | Snake:3  | 26982 ||| PLANNING SWAMP:4
 27143 | Swamp:4  | Entered Level 4 of the Swamp
 27143 | Swamp:4  | Noticed Mara
 27144 | Swamp:4  | 27144 ||| INVOKING Heroism.
 27145 | Swamp:4  | 27145 ||| STAIRDANCE
 27155 | Swamp:3  | 27155 ||| Stepping ~*~*~tactically~*~*~ (hiding).
 27161 | Swamp:3  | Killed Mara
 27182 | Swamp:4  | 27182 ||| Stepping ~*~*~tactically~*~*~ (stealth).
 27183 | Swamp:4  | 27183 ||| INVOKING Finesse.
 27194 | Swamp:4  | 27194 ||| INVOKING Heroism.
 27198 | Swamp:4  | Reached skill level 16 in Fighting
 27202 | Swamp:4  | HP: 27/120 [briar patch's spines[a thorn hunter] (9)]
 27203 | Swamp:4  | 27203 ||| READING 10 scrolls of teleportation.
 27204 | Swamp:4  | 27204 ||| DRINKING 12 potions of heal wounds.
 27209 | Swamp:4  | Noticed Louise
 27217 | Swamp:4  | 27217 ||| READING 9 scrolls of teleportation.
 27225 | Swamp:4  | 27225 ||| Stepping randomly (stuck).
 27226 | Swamp:4  | 27226 ||| Stepping randomly (stuck).
 27227 | Swamp:4  | 27227 ||| Stepping ~*~*~tactically~*~*~ (stealth).
 27229 | Swamp:4  | 27229 ||| Stepping ~*~*~tactically~*~*~ (hiding).
 27241 | Swamp:4  | HP: 30/120 [12-headed hydra (5)]
 27242 | Swamp:4  | 27242 ||| READING 8 scrolls of teleportation.
 27245 | Swamp:4  | 27245 ||| DRINKING 11 potions of heal wounds.
 27248 | Swamp:4  | HP: 29/120 [18-headed hydra (7)]
 27248 | Swamp:4  | HP: 10/120 [alligator[a spriggan druid] (5)]
 27249 | Swamp:4  | 27249 ||| DRINKING 10 potions of heal wounds.
 27250 | Swamp:4  | 27250 ||| DRINKING 9 potions of heal wounds.
 27319 | Swamp:4  | 27319 ||| INVOKING Heroism.
 27370 | Swamp:4  | 27370 ||| READING scroll of enchant armour.
 27370 | Swamp:4  | 27370 ||| ENCHANTING +0 helmet.
 27431 | Swamp:4  | 27431 ||| INVOKING Heroism.
 27435 | Swamp:4  | Received a gift from Okawaru
 27456 | Swamp:4  | Received a gift from Okawaru
 27462 | Swamp:4  | 27462 ||| Stepping ~*~*~tactically~*~*~ (stealth).
 27471 | Swamp:4  | 27471 ||| Stepping ~*~*~tactically~*~*~ (stealth).
 27472 | Swamp:4  | 27472 ||| Stepping ~*~*~tactically~*~*~ (stealth).
 27473 | Swamp:4  | 27473 ||| Stepping ~*~*~tactically~*~*~ (stealth).
 27484 | Swamp:4  | 27484 ||| Stepping ~*~*~tactically~*~*~ (stealth).
 27485 | Swamp:4  | 27485 ||| Stepping ~*~*~tactically~*~*~ (stealth).
 27501 | Swamp:4  | 27501 ||| Stepping ~*~*~tactically~*~*~ (stealth).
 27503 | Swamp:4  | 27503 ||| Stepping ~*~*~tactically~*~*~ (hiding).
 27505 | Swamp:4  | 27505 ||| Stepping ~*~*~tactically~*~*~ (hiding).
 27507 | Swamp:4  | 27507 ||| Stepping ~*~*~tactically~*~*~ (hiding).
 27520 | Swamp:4  | 27520 ||| Stepping ~*~*~tactically~*~*~ (hiding).
 27537 | Swamp:4  | 27537 ||| INVOKING Heroism.
 27540 | Swamp:4  | 27540 ||| INVOKING Finesse.
 27544 | Swamp:4  | Found a blossoming altar of Fedhas.
 27566 | Swamp:4  | HP: 27/122 [thorn hunter/volley of thorns (30)]
 27567 | Swamp:4  | 27567 ||| READING 7 scrolls of teleportation.
 27568 | Swamp:4  | 27568 ||| DRINKING 9 potions of heal wounds.
 27570 | Swamp:4  | 27570 ||| DRINKING 8 potions of heal wounds.
 27570 | Swamp:4  | HP: 10/122 [thorn hunter/volley of thorns (35)]
 27571 | Swamp:4  | 27571 ||| DRINKING 7 potions of heal wounds.
 27572 | Swamp:4  | 27572 ||| DRINKING 6 potions of heal wounds.
 27573 | Swamp:4  | 27573 ||| READING 6 scrolls of teleportation.
 27745 | Swamp:4  | Noticed a tentacled monstrosity
 27746 | Swamp:4  | 27746 ||| INVOKING Heroism.
 27748 | Swamp:4  | 27748 ||| INVOKING Finesse.
 27757 | Swamp:4  | Killed a tentacled monstrosity
 27758 | Swamp:4  | Reached skill level 17 in Fighting
 27894 | Swamp:4  | 27894 ||| Stepping ~*~*~tactically~*~*~ (stealth).
 27896 | Swamp:4  | 27896 ||| INVOKING Heroism.
 27897 | Swamp:4  | 27897 ||| INVOKING Finesse.
 27898 | Swamp:4  | 27898 ||| Stepping ~*~*~tactically~*~*~ (stealth).
 27902 | Swamp:4  | Received a gift from Okawaru
 27938 | Swamp:4  | 27938 ||| Stepping ~*~*~tactically~*~*~ (hiding).
 27941 | Swamp:4  | 27941 ||| INVOKING Heroism.
 27960 | Swamp:4  | 27960 ||| INVOKING Finesse.
 28003 | Swamp:4  | 28003 ||| Stepping ~*~*~tactically~*~*~ (stealth).
 28004 | Swamp:4  | 28004 ||| Stepping ~*~*~tactically~*~*~ (stealth).
 28005 | Swamp:4  | 28005 ||| Stepping ~*~*~tactically~*~*~ (stealth).
 28006 | Swamp:4  | 28006 ||| Stepping ~*~*~tactically~*~*~ (stealth).
 28007 | Swamp:4  | 28007 ||| Stepping ~*~*~tactically~*~*~ (stealth).
 28008 | Swamp:4  | 28008 ||| Stepping ~*~*~tactically~*~*~ (stealth).
 28145 | Swamp:4  | 28145 ||| READING scroll of enchant armour.
 28145 | Swamp:4  | 28145 ||| ENCHANTING +1 helmet.
 28201 | Swamp:4  | Found a basalt altar of Yredelemnul.
 28216 | Swamp:4  | Got a decaying rune of Zot
 28225 | Swamp:4  | 28225 ||| PLANNING VAULTS:1-4
 28522 | Vaults:1 | Entered Level 1 of the Vaults
 28543 | Vaults:1 | 28543 ||| Stepping ~*~*~tactically~*~*~ (stealth).
 28548 | Vaults:1 | 28548 ||| INVOKING Heroism.
 28560 | Vaults:1 | 28560 ||| INVOKING Finesse.
 28563 | Vaults:1 | 28563 ||| Stepping ~*~*~tactically~*~*~ (hiding).
 28567 | Vaults:1 | 28567 ||| Stepping ~*~*~tactically~*~*~ (stealth).
 28572 | Vaults:1 | 28572 ||| Stepping ~*~*~tactically~*~*~ (stealth).
 28581 | Vaults:1 | 28581 ||| Stepping ~*~*~tactically~*~*~ (hiding).
 28582 | Vaults:1 | 28582 ||| Stepping ~*~*~tactically~*~*~ (hiding).
 28674 | Vaults:1 | 28674 ||| INVOKING Heroism.
 28680 | Vaults:1 | Noticed Nikola
 28681 | Vaults:1 | 28681 ||| INVOKING Finesse.
 28685 | Vaults:1 | 28685 ||| Stepping ~*~*~tactically~*~*~ (hiding).
 28686 | Vaults:1 | 28686 ||| Stepping ~*~*~tactically~*~*~ (hiding).
 28695 | Vaults:1 | Killed Nikola
 28695 | Vaults:1 | Received a gift from Okawaru
 28792 | Vaults:1 | 28792 ||| INVOKING Heroism.
 28793 | Vaults:1 | 28793 ||| Stepping ~*~*~tactically~*~*~ (stealth).
 28911 | Vaults:1 | Found a transporter.
 28949 | Vaults:1 | Found a transporter.
 29096 | Vaults:1 | 29096 ||| INVOKING Heroism.
 29128 | Vaults:1 | 29128 ||| Stepping ~*~*~tactically~*~*~ (hiding).
 29206 | Vaults:1 | 29206 ||| INVOKING Heroism.
 29215 | Vaults:1 | Reached skill level 9 in Throwing
 29223 | Vaults:1 | Reached XP level 19. HP: 128/128 MP: 26/26
 29229 | Vaults:1 | Identified the +3 robe "Taevoan" {Dex+6} (Okawaru gifted it
                  | to you on level 1 of the Vaults)
 29229 | Vaults:1 | Received a gift from Okawaru
 29243 | Vaults:1 | 29243 ||| INVOKING Finesse.
 29343 | Vaults:1 | 29343 ||| Stepping ~*~*~tactically~*~*~ (hiding).
 29579 | Vaults:1 | 29579 ||| Stepping ~*~*~tactically~*~*~ (hiding).
 29581 | Vaults:1 | 29581 ||| Stepping ~*~*~tactically~*~*~ (hiding).
 29823 | Vaults:1 | 29823 ||| DROPPING +2 cloak.
 29824 | Vaults:1 | 29824 ||| UPGRADING to +2 cloak of willpower.
 29834 | Vaults:1 | 29834 ||| DROPPING +1 cloak of willpower.
 29850 | Vaults:2 | 29850 ||| PLANNING DESOLATION
 29901 | Vaults:2 | 29901 ||| INVOKING Heroism.
 29905 | Vaults:2 | Reached skill level 15 in Armour
 29959 | Vaults:2 | 29959 ||| INVOKING Heroism.
 30074 | Vaults:2 | 30074 ||| Stepping ~*~*~tactically~*~*~ (hiding).
 30075 | Vaults:2 | 30075 ||| Stepping ~*~*~tactically~*~*~ (hiding).
 30079 | Vaults:2 | 30079 ||| INVOKING Heroism.
 30095 | Vaults:2 | Reached skill level 6 in Dodging
 30101 | Vaults:2 | 30101 ||| FLEEEEING.
 30102 | Vaults:2 | 30102 ||| FLEEEEING.
 30119 | Vaults:2 | 30119 ||| Stepping ~*~*~tactically~*~*~ (stealth).
 30128 | Vaults:2 | 30128 ||| FLEEEEING.
 30129 | Vaults:2 | 30129 ||| FLEEEEING.
 30130 | Vaults:2 | 30130 ||| FLEEEEING.
 30131 | Vaults:2 | 30131 ||| FLEEEEING.
 30133 | Vaults:2 | 30133 ||| FLEEEEING.
 30134 | Vaults:2 | 30134 ||| FLEEEEING.
 30135 | Vaults:2 | 30135 ||| FLEEEEING.
 30136 | Vaults:2 | 30136 ||| FLEEEEING.
 30137 | Vaults:2 | 30137 ||| FLEEEEING.
 30138 | Vaults:2 | 30138 ||| FLEEEEING.
 30139 | Vaults:2 | 30139 ||| FLEEEEING.
 30140 | Vaults:2 | 30140 ||| FLEEEEING.
 30164 | Vaults:2 | 30164 ||| Stepping ~*~*~tactically~*~*~ (hiding).
 30166 | Vaults:2 | 30166 ||| Stepping ~*~*~tactically~*~*~ (hiding).
 30167 | Vaults:2 | 30167 ||| FLEEEEING.
 30168 | Vaults:2 | 30168 ||| FLEEEEING.
 30169 | Vaults:2 | 30169 ||| FLEEEEING.
 30170 | Vaults:2 | 30170 ||| FLEEEEING.
 30171 | Vaults:2 | 30171 ||| FLEEEEING.
 30218 | Vaults:2 | 30218 ||| INVOKING Finesse.
 30252 | Vaults:2 | Noticed a golden dragon
 30253 | Vaults:2 | 30253 ||| INVOKING Heroism.
 30260 | Vaults:2 | Killed a golden dragon
 30261 | Vaults:2 | 30261 ||| INVOKING Finesse.
 30419 | Vaults:2 | 30419 ||| INVOKING Heroism.
 30542 | Vaults:2 | 30542 ||| Stepping ~*~*~tactically~*~*~ (hiding).
 30543 | Vaults:2 | 30543 ||| Stepping ~*~*~tactically~*~*~ (hiding).
 30626 | Vaults:2 | 30626 ||| Stepping ~*~*~tactically~*~*~ (stealth).
 30627 | Vaults:2 | 30627 ||| Stepping ~*~*~tactically~*~*~ (stealth).
 30629 | Vaults:2 | 30629 ||| Stepping ~*~*~tactically~*~*~ (hiding).
 30649 | Vaults:2 | 30649 ||| RIP DESOLATION
 30738 | Vaults:2 | 30738 ||| PLANNING VAULTS:1-4
 30774 | Vaults:2 | 30774 ||| Stepping ~*~*~tactically~*~*~ (hiding).
 30783 | Vaults:2 | Received a gift from Okawaru
 30836 | Vaults:2 | 30836 ||| INVOKING Heroism.
 30846 | Vaults:2 | 30846 ||| Stepping ~*~*~tactically~*~*~ (stealth).
 30862 | Vaults:2 | Received a gift from Okawaru
 30873 | Vaults:2 | 30873 ||| INVOKING Heroism.
 31160 | Vaults:2 | 31160 ||| FLEEEEING.
 31163 | Vaults:2 | 31163 ||| FLEEEEING.
 31165 | Vaults:2 | 31165 ||| FLEEEEING.
 31166 | Vaults:2 | 31166 ||| FLEEEEING.
 31167 | Vaults:2 | 31167 ||| FLEEEEING.
 31178 | Vaults:2 | 31178 ||| FLEEEEING.
 31184 | Vaults:2 | 31184 ||| FLEEEEING.
 31189 | Vaults:2 | Received a gift from Okawaru
 31241 | Vaults:2 | You are sucked into a shaft and drop 2 floors!
 31249 | Vaults:4 | 31249 ||| Stepping ~*~*~tactically~*~*~ (stealth).
 31251 | Vaults:4 | 31251 ||| INVOKING Heroism.
 31269 | Vaults:4 | Reached skill level 18 in Fighting
 31422 | Vaults:4 | 31422 ||| Stepping ~*~*~tactically~*~*~ (stealth).
 31494 | Vaults:4 | 31494 ||| INVOKING Heroism.
 31495 | Vaults:4 | 31495 ||| Stepping ~*~*~tactically~*~*~ (stealth).
 31517 | Vaults:4 | 31517 ||| INVOKING Heroism.
 31542 | Vaults:4 | Identified the +3 kite shield of the Unbroken {rPois Int+4}
                  | (Okawaru gifted it to you on level 4 of the Vaults)
 31542 | Vaults:4 | Received a gift from Okawaru
 31544 | Vaults:4 | 31544 ||| Stepping ~*~*~tactically~*~*~ (hiding).
 31547 | Vaults:4 | 31547 ||| Stepping ~*~*~tactically~*~*~ (hiding).
 31558 | Vaults:4 | 31558 ||| INVOKING Heroism.
 31592 | Vaults:4 | 31592 ||| INVOKING Finesse.
 31712 | Vaults:4 | Found a transporter.
 31728 | Vaults:4 | Found a transporter.
 31785 | Vaults:4 | 31785 ||| INVOKING Heroism.
 31821 | Vaults:4 | Reached XP level 20. HP: 71/136 MP: 27/27
 31822 | Vaults:4 | 31822 ||| INVOKING Heroism.
 31860 | Vaults:4 | 31860 ||| UPGRADING to +0 tower shield.
 31893 | Vaults:3 | Identified the +3 pair of gloves of the Endless Expanse
                  | {Drain Str+3 Slay+3 SInv}
 31900 | Vaults:3 | 31900 ||| Stepping ~*~*~tactically~*~*~ (hiding).
 31902 | Vaults:3 | 31902 ||| Stepping ~*~*~tactically~*~*~ (hiding).
 31905 | Vaults:3 | 31905 ||| INVOKING Heroism.
 32105 | Vaults:3 | 32105 ||| STAIRDANCE
 32114 | Vaults:3 | 32114 ||| INVOKING Heroism.
 32177 | Vaults:3 | 32177 ||| Stepping ~*~*~tactically~*~*~ (stealth).
 32181 | Vaults:3 | 32181 ||| Stepping ~*~*~tactically~*~*~ (hiding).
 32209 | Vaults:3 | 32209 ||| Stepping ~*~*~tactically~*~*~ (cloud).
 32211 | Vaults:3 | 32211 ||| INVOKING Heroism.
 32216 | Vaults:3 | 32216 ||| Stepping ~*~*~tactically~*~*~ (hiding).
 32259 | Vaults:3 | Identified the +11 chain mail "Tidwashram" {Will- Int+8}
 32273 | Vaults:3 | 32273 ||| DROPPING +9 ring mail of the Sunfish {Drain Str+6
                  | Int+5}.
 32335 | Vaults:3 | Noticed Donald
 32343 | Vaults:3 | 32343 ||| INVOKING Heroism.
 32344 | Vaults:3 | Killed Donald
 32461 | Vaults:3 | 32461 ||| Stepping ~*~*~tactically~*~*~ (stealth).
 32462 | Vaults:3 | 32462 ||| Stepping ~*~*~tactically~*~*~ (stealth).
 32465 | Vaults:3 | 32465 ||| Stepping ~*~*~tactically~*~*~ (hiding).
 32468 | Vaults:3 | 32468 ||| INVOKING Heroism.
 32469 | Vaults:3 | 32469 ||| INVOKING Finesse.
 32492 | Vaults:3 | 32492 ||| Stepping ~*~*~tactically~*~*~ (hiding).
 32493 | Vaults:3 | 32493 ||| Stepping ~*~*~tactically~*~*~ (hiding).
 32531 | Vaults:3 | Found a staircase to the Crypt.
 32606 | Vaults:3 | 32606 ||| Stepping ~*~*~tactically~*~*~ (stealth).
 32607 | Vaults:3 | 32607 ||| Stepping ~*~*~tactically~*~*~ (stealth).
 32610 | Vaults:3 | 32610 ||| INVOKING Heroism.
 32654 | Vaults:3 | 32654 ||| INVOKING Finesse.
 32689 | Vaults:3 | 32689 ||| INVOKING Heroism.
 32699 | Vaults:3 | Received a gift from Okawaru
 32700 | Vaults:3 | Reached skill level 18 in Shields
 32715 | Vaults:3 | Received a gift from Okawaru
 32729 | Vaults:3 | Found Cyadgh's Assorted Antiques.
 32732 | Vaults:3 | 32732 ||| BUYING potion of heal wounds (210 gold).
 32732 | Vaults:3 | Bought a potion of heal wounds for 210 gold pieces
 32732 | Vaults:3 | 32732 ||| BUYING scroll of teleportation (126 gold).
 32732 | Vaults:3 | Bought a scroll of teleportation for 126 gold pieces
 32768 | Vaults:3 | 32768 ||| INVOKING Heroism.
 32769 | Vaults:3 | 32769 ||| INVOKING Finesse.
 32912 | Vaults:3 | 32912 ||| Stepping ~*~*~tactically~*~*~ (stealth).
 32914 | Vaults:3 | 32914 ||| INVOKING Heroism.
 32929 | Vaults:3 | Received a gift from Okawaru
 32980 | Vaults:3 | 32980 ||| Stepping ~*~*~tactically~*~*~ (hiding).
 33276 | Vaults:4 | 33276 ||| Stepping ~*~*~tactically~*~*~ (hiding).
 33277 | Vaults:4 | 33277 ||| Stepping ~*~*~tactically~*~*~ (hiding).
 33579 | Vaults:4 | Found Turesin's Antique Armour Boutique.
 33580 | Vaults:4 | 33580 ||| Stepping ~*~*~tactically~*~*~ (stealth).
 33593 | Vaults:4 | Received a gift from Okawaru
 33965 | Vaults:4 | 33965 ||| PLANNING SNAKE:4
 34290 | Snake:4  | Entered Level 4 of the Snake Pit
 34300 | Snake:4  | Received a gift from Okawaru
 34314 | Snake:4  | 34314 ||| INVOKING Heroism.
 34345 | Snake:4  | 34345 ||| Stepping ~*~*~tactically~*~*~ (hiding).
 34346 | Snake:4  | 34346 ||| Stepping ~*~*~tactically~*~*~ (hiding).
 34347 | Snake:4  | 34347 ||| Stepping ~*~*~tactically~*~*~ (hiding).
 34353 | Snake:4  | Noticed Vashnia
 34354 | Snake:4  | 34354 ||| INVOKING Heroism.
 34373 | Snake:4  | Killed Vashnia
 34438 | Snake:4  | 34438 ||| INVOKING Heroism.
 34474 | Snake:4  | Received a gift from Okawaru
 34517 | Snake:4  | 34517 ||| Stepping ~*~*~tactically~*~*~ (hiding).
 34526 | Snake:4  | 34526 ||| Stepping ~*~*~tactically~*~*~ (stealth).
 34532 | Snake:4  | 34532 ||| Stepping ~*~*~tactically~*~*~ (hiding).
 34713 | Snake:4  | 34713 ||| INVOKING Heroism.
 34723 | Snake:4  | Received a gift from Okawaru
 34743 | Snake:4  | Reached XP level 21. HP: 138/142 MP: 28/28
 34795 | Snake:4  | 34795 ||| Stepping ~*~*~tactically~*~*~ (hiding).
 34802 | Snake:4  | 34802 ||| INVOKING Heroism.
 34812 | Snake:4  | Received a gift from Okawaru
 34814 | Snake:4  | Reached skill level 19 in Fighting
 34896 | Snake:4  | Got a serpentine rune of Zot
 34909 | Snake:4  | 34909 ||| Stepping ~*~*~tactically~*~*~ (hiding).
 34931 | Snake:4  | 34931 ||| Stepping ~*~*~tactically~*~*~ (hiding).
 34968 | Snake:4  | 34968 ||| INVOKING Heroism.
 35150 | Snake:4  | 35150 ||| PLANNING DEPTHS
 35150 | Snake:4  | 35150 ||| UPGRADING to +2 tower shield of cold resistance.
 35160 | Snake:4  | 35160 ||| DROPPING +0 tower shield.
 35161 | Snake:4  | 35161 ||| DROPPING +1 kite shield of resistance.
 35431 | Depths:1 | Entered Level 1 of the Depths
 35438 | Depths:1 | 35438 ||| INVOKING Heroism.
 35439 | Depths:1 | 35439 ||| INVOKING Finesse.
 35476 | Depths:1 | Found Esturch's Book Boutique.
 35502 | Depths:1 | 35502 ||| Stepping ~*~*~tactically~*~*~ (stealth).
 35506 | Depths:1 | 35506 ||| INVOKING Heroism.
 35537 | Depths:1 | 35537 ||| Stepping ~*~*~tactically~*~*~ (stealth).
 35594 | Depths:1 | 35594 ||| INVOKING Finesse.
 35600 | Depths:1 | 35600 ||| INVOKING Heroism.
 35654 | Depths:1 | Noticed Aizul
 35656 | Depths:1 | 35656 ||| INVOKING Heroism.
 35657 | Depths:1 | 35657 ||| INVOKING Finesse.
 35668 | Depths:1 | Killed Aizul
 35712 | Depths:1 | 35712 ||| INVOKING Finesse.
 35744 | Depths:1 | 35744 ||| Stepping ~*~*~tactically~*~*~ (stealth).
 35785 | Depths:1 | Received a gift from Okawaru
 35914 | Depths:1 | Noticed Sojobo
 35915 | Depths:1 | 35915 ||| Stepping ~*~*~tactically~*~*~ (hiding).
 35916 | Depths:1 | 35916 ||| INVOKING Heroism.
 35919 | Depths:1 | 35919 ||| INVOKING Finesse.
 35934 | Depths:1 | Killed Sojobo
 35977 | Depths:1 | Found a gateway to Hell.
 36010 | Depths:1 | 36010 ||| INVOKING Finesse.
 36012 | Depths:1 | 36012 ||| Stepping ~*~*~tactically~*~*~ (stealth).
 36099 | Depths:1 | Identified the +9 war axe "Lolonaeg" {freeze, rElec Int+4
                  | Dex+4}
 36327 | Depths:1 | Found an opulent altar of Gozag.
 36689 | Depths:2 | 36689 ||| Stepping ~*~*~tactically~*~*~ (stealth).
 36692 | Depths:2 | 36692 ||| INVOKING Heroism.
 36695 | Depths:2 | 36695 ||| Stepping ~*~*~tactically~*~*~ (stealth).
 36715 | Depths:2 | 36715 ||| Stepping ~*~*~tactically~*~*~ (hiding).
 36726 | Depths:2 | 36726 ||| INVOKING Heroism.
 36864 | Depths:2 | 36864 ||| INVOKING Heroism.
 36872 | Depths:2 | Received a gift from Okawaru
 36906 | Depths:2 | 36906 ||| Stepping ~*~*~tactically~*~*~ (stealth).
 37049 | Depths:2 | 37049 ||| INVOKING Heroism.
 37060 | Depths:2 | Reached skill level 20 in Fighting
 37060 | Depths:2 | 37060 ||| Stepping ~*~*~tactically~*~*~ (hiding).
 37072 | Depths:2 | 37072 ||| INVOKING Finesse.
 37130 | Depths:2 | 37130 ||| FLEEEEING.
 37143 | Depths:2 | 37143 ||| INVOKING Heroism.
 37152 | Depths:2 | Received a gift from Okawaru
 37166 | Depths:2 | 37166 ||| Stepping ~*~*~tactically~*~*~ (hiding).
 37189 | Depths:2 | 37189 ||| INVOKING Heroism.
 37220 | Depths:2 | 37220 ||| Stepping ~*~*~tactically~*~*~ (hiding).
 37267 | Depths:2 | 37267 ||| Stepping ~*~*~tactically~*~*~ (hiding).
 37277 | Depths:2 | Noticed a golden dragon
 37278 | Depths:2 | 37278 ||| INVOKING Heroism.
 37279 | Depths:2 | 37279 ||| INVOKING Finesse.
 37284 | Depths:2 | Killed a golden dragon
 37362 | Depths:2 | 37362 ||| Stepping ~*~*~tactically~*~*~ (hiding).
 37373 | Depths:2 | 37373 ||| INVOKING Heroism.
 37427 | Depths:2 | 37427 ||| Stepping ~*~*~tactically~*~*~ (stealth).
 37429 | Depths:2 | 37429 ||| INVOKING Heroism.
 37430 | Depths:2 | 37430 ||| INVOKING Finesse.
 37436 | Depths:2 | Reached XP level 22. HP: 152/152 MP: 21/29
 37532 | Depths:2 | 37532 ||| INVOKING Heroism.
 37533 | Depths:2 | 37533 ||| INVOKING Finesse.
 37542 | Depths:2 | Reached skill level 18 in Armour
 37683 | Depths:2 | 37683 ||| Stepping ~*~*~tactically~*~*~ (hiding).
 37869 | Depths:2 | Found a one-way gate leading to the halls of Pandemonium.
 37906 | Depths:2 | Received a gift from Okawaru
 37944 | Depths:2 | 37944 ||| DROPPING +0 fire dragon scales.
 37989 | Depths:3 | Found the +15 Maxwell's patent armour {-Cast -Tele rElec
                  | Will+ rCorr}
 38028 | Depths:3 | 38028 ||| INVOKING Heroism.
 38029 | Depths:3 | 38029 ||| INVOKING Finesse.
 38035 | Depths:3 | 38035 ||| Stepping ~*~*~tactically~*~*~ (hiding).
 38037 | Depths:3 | 38037 ||| Stepping ~*~*~tactically~*~*~ (hiding).
 38104 | Depths:3 | 38104 ||| INVOKING Heroism.
 38105 | Depths:3 | 38105 ||| INVOKING Finesse.
 38147 | Depths:3 | 38147 ||| Stepping ~*~*~tactically~*~*~ (stealth).
 38148 | Depths:3 | 38148 ||| Stepping ~*~*~tactically~*~*~ (stealth).
 38156 | Depths:3 | 38156 ||| Stepping ~*~*~tactically~*~*~ (stealth).
 38158 | Depths:3 | 38158 ||| Stepping ~*~*~tactically~*~*~ (stealth).
 38174 | Depths:3 | Reached skill level 21 in Shields
 38177 | Depths:3 | 38177 ||| INVOKING Heroism.
 38271 | Depths:3 | 38271 ||| Stepping ~*~*~tactically~*~*~ (stealth).
 38273 | Depths:3 | 38273 ||| Stepping ~*~*~tactically~*~*~ (hiding).
 38274 | Depths:3 | 38274 ||| Stepping ~*~*~tactically~*~*~ (hiding).
 38275 | Depths:3 | 38275 ||| Stepping ~*~*~tactically~*~*~ (hiding).
 38277 | Depths:3 | 38277 ||| Stepping ~*~*~tactically~*~*~ (hiding).
 38402 | Depths:3 | Noticed a golden dragon
 38403 | Depths:3 | 38403 ||| INVOKING Heroism.
 38404 | Depths:3 | 38404 ||| INVOKING Finesse.
 38412 | Depths:3 | Killed a golden dragon
 38469 | Depths:3 | 38469 ||| INVOKING Heroism.
 38470 | Depths:3 | 38470 ||| INVOKING Finesse.
 38532 | Depths:3 | Identified the +8 short sword of Prescription {speed, MP+9
                  | Int+2}
 38541 | Depths:3 | 38541 ||| FLEEEEING.
 38542 | Depths:3 | 38542 ||| FLEEEEING.
 38543 | Depths:3 | 38543 ||| FLEEEEING.
 38544 | Depths:3 | 38544 ||| FLEEEEING.
 38545 | Depths:3 | 38545 ||| FLEEEEING.
 38546 | Depths:3 | 38546 ||| FLEEEEING.
 38547 | Depths:3 | 38547 ||| FLEEEEING.
 38549 | Depths:3 | 38549 ||| FLEEEEING.
 38600 | Depths:3 | 38600 ||| Stepping ~*~*~tactically~*~*~ (stealth).
 38607 | Depths:3 | Found a one-way gate to the infinite horrors of the Abyss.
 38692 | Depths:3 | 38692 ||| Stepping ~*~*~tactically~*~*~ (hiding).
 38693 | Depths:3 | 38693 ||| Stepping ~*~*~tactically~*~*~ (hiding).
 38694 | Depths:3 | 38694 ||| Stepping ~*~*~tactically~*~*~ (hiding).
 38695 | Depths:3 | 38695 ||| Stepping ~*~*~tactically~*~*~ (hiding).
 38696 | Depths:3 | 38696 ||| Stepping ~*~*~tactically~*~*~ (hiding).
 38697 | Depths:3 | Received a gift from Okawaru
 38740 | Depths:3 | 38740 ||| Stepping ~*~*~tactically~*~*~ (hiding).
 38749 | Depths:3 | 38749 ||| INVOKING Heroism.
 38751 | Depths:3 | 38751 ||| INVOKING Finesse.
 38767 | Depths:3 | 38767 ||| Stepping ~*~*~tactically~*~*~ (hiding).
 38944 | Depths:4 | Entered Level 4 of the Depths
 38998 | Depths:4 | Noticed a golden dragon
 39001 | Depths:4 | 39001 ||| INVOKING Heroism.
 39004 | Depths:4 | 39004 ||| Stepping ~*~*~tactically~*~*~ (hiding).
 39013 | Depths:4 | Killed a golden dragon
 39023 | Depths:4 | Noticed a golden dragon
 39024 | Depths:4 | 39024 ||| INVOKING Finesse.
 39037 | Depths:4 | Reached skill level 21 in Fighting
 39049 | Depths:4 | Killed a golden dragon
 39068 | Depths:4 | HP: 33/155 [deep troll (7)]
 39069 | Depths:4 | 39069 ||| READING 10 scrolls of teleportation.
 39070 | Depths:4 | 39070 ||| DRINKING 14 potions of heal wounds.
 39075 | Depths:4 | HP: 28/155 [cyan very ugly thing (12)]
 39076 | Depths:4 | 39076 ||| DRINKING 13 potions of heal wounds.
 39089 | Depths:4 | 39089 ||| Stepping ~*~*~tactically~*~*~ (stealth).
 39090 | Depths:4 | 39090 ||| Stepping ~*~*~tactically~*~*~ (stealth).
 39153 | Depths:4 | 39153 ||| INVOKING Heroism.
 39229 | Depths:4 | Found a corrupted altar of Lugonu.
 39425 | Depths:4 | 39425 ||| READING scroll of enchant weapon.
 39425 | Depths:4 | 39425 ||| ENCHANTING +6 spectral broad axe.
 39531 | Depths:4 | 39531 ||| Stepping ~*~*~tactically~*~*~ (stealth).
 39556 | Depths:4 | Found a one-way gateway to a ziggurat.
 39561 | Depths:4 | 39561 ||| Stepping randomly (stuck).
 39562 | Depths:4 | 39562 ||| Stepping randomly (stuck).
 39563 | Depths:4 | 39563 ||| Stepping randomly (stuck).
 39564 | Depths:4 | 39564 ||| Stepping randomly (stuck).
 39567 | Depths:4 | 39567 ||| INVOKING Finesse.
 39573 | Depths:4 | Received a gift from Okawaru
 39662 | Depths:4 | 39662 ||| INVOKING Heroism.
 39692 | Depths:4 | Reached skill level 12 in Throwing
 39723 | Depths:4 | 39723 ||| Stepping ~*~*~tactically~*~*~ (stealth).
 39726 | Depths:4 | 39726 ||| Stepping ~*~*~tactically~*~*~ (stealth).
 39728 | Depths:4 | 39728 ||| INVOKING Finesse.
 39857 | Depths:4 | Found a gate to the Realm of Zot.
 39889 | Depths:4 | 39889 ||| READING scroll of enchant weapon.
 39889 | Depths:4 | 39889 ||| ENCHANTING +7 spectral broad axe.
 39914 | Depths:4 | 39914 ||| Stepping ~*~*~tactically~*~*~ (hiding).
 39917 | Depths:4 | 39917 ||| INVOKING Heroism.
 40205 | Depths:4 | 40205 ||| PLANNING VAULTS:5
 40435 | Vaults:5 | Entered Level 5 of the Vaults
 40436 | Vaults:5 | 40436 ||| INVOKING Heroism.
 40437 | Vaults:5 | 40437 ||| STAIRDANCE
 40451 | Vaults:5 | 40451 ||| STAIRDANCE
 40460 | Vaults:4 | Reached XP level 23. HP: 126/160 MP: 30/30
 40488 | Vaults:5 | 40488 ||| STAIRDANCE
 40490 | Vaults:4 | 40490 ||| INVOKING Heroism.
 40523 | Vaults:5 | 40523 ||| STAIRDANCE
 40530 | Vaults:4 | Received a gift from Okawaru
 40550 | Vaults:5 | 40550 ||| STAIRDANCE
 40563 | Vaults:5 | 40563 ||| STAIRDANCE
 40596 | Vaults:5 | 40596 ||| STAIRDANCE
 40626 | Vaults:5 | 40626 ||| STAIRDANCE
 40628 | Vaults:4 | 40628 ||| INVOKING Heroism.
 40640 | Vaults:5 | 40640 ||| INVOKING Finesse.
 40641 | Vaults:5 | 40641 ||| STAIRDANCE
 40665 | Vaults:5 | 40665 ||| INVOKING Heroism.
 40679 | Vaults:5 | 40679 ||| STAIRDANCE
 40707 | Vaults:5 | Received a gift from Okawaru
 40715 | Vaults:5 | 40715 ||| INVOKING Heroism.
 40728 | Vaults:5 | Identified the +11 sling of Corruption {venom, Int+2}
 40730 | Vaults:5 | 40730 ||| INVOKING Finesse.
 40747 | Vaults:5 | Reached skill level 22 in Fighting
 40756 | Vaults:5 | Received a gift from Okawaru
 40771 | Vaults:5 | 40771 ||| INVOKING Heroism.
 40775 | Vaults:5 | Received a gift from Okawaru
 40782 | Vaults:5 | Received a gift from Okawaru
 40803 | Vaults:5 | HP: 33/162 [yaktaur captain/bolt (32)]
 40804 | Vaults:5 | 40804 ||| READING 10 scrolls of teleportation.
 40805 | Vaults:5 | 40805 ||| DRINKING 12 potions of heal wounds.
 40877 | Vaults:5 | 40877 ||| Stepping ~*~*~tactically~*~*~ (hiding).
 40885 | Vaults:5 | Received a gift from Okawaru
 40898 | Vaults:5 | Identified the +9 dagger of the Bequeathed God {spect, rF+
                  | Dex+7}
 40912 | Vaults:5 | Identified the +5 ring mail of Asceticism {Will+}
 40935 | Vaults:5 | 40935 ||| Stepping ~*~*~tactically~*~*~ (stealth).
 40937 | Vaults:5 | 40937 ||| Stepping ~*~*~tactically~*~*~ (stealth).
 40939 | Vaults:5 | 40939 ||| Stepping ~*~*~tactically~*~*~ (stealth).
 40941 | Vaults:5 | 40941 ||| INVOKING Heroism.
 40971 | Vaults:5 | 40971 ||| Stepping ~*~*~tactically~*~*~ (stealth).
 41014 | Vaults:5 | 41014 ||| INVOKING Heroism.
 41022 | Vaults:5 | 41022 ||| INVOKING Finesse.
 41028 | Vaults:5 | 41028 ||| Stepping ~*~*~tactically~*~*~ (hiding).
 41222 | Vaults:5 | Identified the +3 halberd of Valour {holy, rN+++ Int-5
                  | Dex-4 Stlth+}
 41233 | Vaults:5 | 41233 ||| INVOKING Heroism.
 41244 | Vaults:5 | 41244 ||| READING scroll of enchant weapon.
 41244 | Vaults:5 | 41244 ||| ENCHANTING +8 spectral broad axe.
 41257 | Vaults:5 | 41257 ||| Stepping ~*~*~tactically~*~*~ (hiding).
 41258 | Vaults:5 | 41258 ||| Stepping ~*~*~tactically~*~*~ (hiding).
 41320 | Vaults:5 | Identified the +4 chain mail of Yredelemnul's Delight
                  | {rC++}
 41360 | Vaults:5 | 41360 ||| Stepping ~*~*~tactically~*~*~ (hiding).
 41362 | Vaults:5 | 41362 ||| Stepping ~*~*~tactically~*~*~ (hiding).
 41364 | Vaults:5 | 41364 ||| Stepping ~*~*~tactically~*~*~ (hiding).
 41366 | Vaults:5 | 41366 ||| Stepping ~*~*~tactically~*~*~ (hiding).
 41369 | Vaults:5 | 41369 ||| INVOKING Heroism.
 41372 | Vaults:5 | 41372 ||| Stepping ~*~*~tactically~*~*~ (hiding).
 41378 | Vaults:5 | 41378 ||| Stepping ~*~*~tactically~*~*~ (hiding).
 41381 | Vaults:5 | 41381 ||| INVOKING Finesse.
 41423 | Vaults:5 | 41423 ||| INVOKING Heroism.
 41428 | Vaults:5 | 41428 ||| Stepping ~*~*~tactically~*~*~ (hiding).
 41430 | Vaults:5 | 41430 ||| Stepping ~*~*~tactically~*~*~ (hiding).
 41470 | Vaults:5 | 41470 ||| INVOKING Finesse.
 41488 | Vaults:5 | 41488 ||| Stepping ~*~*~tactically~*~*~ (stealth).
 41489 | Vaults:5 | 41489 ||| Stepping ~*~*~tactically~*~*~ (stealth).
 41492 | Vaults:5 | 41492 ||| Stepping ~*~*~tactically~*~*~ (stealth).
 41493 | Vaults:5 | 41493 ||| Stepping ~*~*~tactically~*~*~ (hiding).
 41616 | Vaults:5 | 41616 ||| Stepping ~*~*~tactically~*~*~ (stealth).
 41618 | Vaults:5 | 41618 ||| INVOKING Heroism.
 41620 | Vaults:5 | 41620 ||| INVOKING Finesse.
 41664 | Vaults:5 | Identified the +2 hat of the Disturbing Portals {rF+++ rC-
                  | Will+++ Int-4} (Okawaru gifted it to you on level 5 of the
                  | Vaults)
 41664 | Vaults:5 | Received a gift from Okawaru
 41693 | Vaults:5 | Identified the +2 pair of boots of the Orcish Mines {Str+4}
 41895 | Vaults:5 | Identified the +6 whip "Eduutyfa" {freeze, rPois rN+ MP+9}
 41980 | Vaults:5 | 41980 ||| Stepping ~*~*~tactically~*~*~ (hiding).
 41983 | Vaults:5 | 41983 ||| INVOKING Heroism.
 42004 | Vaults:5 | Got a silver rune of Zot
 42042 | Vaults:5 | 42042 ||| Stepping ~*~*~tactically~*~*~ (hiding).
 42050 | Vaults:5 | 42050 ||| INVOKING Heroism.
 42051 | Vaults:5 | 42051 ||| INVOKING Finesse.
 42071 | Vaults:5 | Noticed an ancient lich
 42083 | Vaults:5 | Killed an ancient lich
 42090 | Vaults:5 | Reached XP level 24. HP: 155/168 MP: 27/30
 42117 | Vaults:5 | Identified the +3 robe of Gluttony {-Cast Regen+ rCorr
                  | SInv}
 42119 | Vaults:5 | 42119 ||| INVOKING Heroism.
 42169 | Vaults:5 | 42169 ||| Stepping ~*~*~tactically~*~*~ (hiding).
 42247 | Vaults:5 | 42247 ||| Stepping ~*~*~tactically~*~*~ (hiding).
 42288 | Vaults:5 | 42288 ||| PLANNING SHOPPING SPREE
 42288 | Vaults:5 | 42288 ||| DROPPING scarf of harm.
 42289 | Vaults:5 | 42289 ||| UPGRADING to +2 pair of boots of the Orcish Mines
                  | {Str+4}.
 42299 | Vaults:5 | 42299 ||| DROPPING +2 pair of boots.
 42300 | Vaults:5 | 42300 ||| Stepping randomly (stuck).
 42525 | D:9      | 42525 ||| BUYING potion of curing (90 gold).
 42525 | D:9      | Bought a potion of curing for 90 gold pieces
 42552 | D:9      | 42552 ||| BUYING potion of curing (96 gold).
 42552 | D:9      | Bought a potion of curing for 96 gold pieces
 42552 | D:9      | 42552 ||| BUYING potion of lignification (96 gold).
 42552 | D:9      | Bought a potion of lignification for 96 gold pieces
 42552 | D:9      | 42552 ||| BUYING potion of magic (256 gold).
 42552 | D:9      | Bought a potion of magic for 256 gold pieces
 42552 | D:9      | 42552 ||| BUYING scroll of teleportation (96 gold).
 42552 | D:9      | Bought a scroll of teleportation for 96 gold pieces
 42665 | D:4      | 42665 ||| BUYING glowing scarf (232 gold).
 42665 | D:4      | Bought a glowing scarf for 232 gold pieces
 42665 | D:4      | 42665 ||| BUYING jewelled plate armour (812 gold).
 42665 | D:4      | Bought a jewelled plate armour for 812 gold pieces
 42665 | D:4      | Identified the +2 plate armour of Philately {-Tele rN+
                  | Str+4} (You bought it in a shop on level 4 of the Dungeon)
 42665 | D:4      | 42665 ||| DROPPING scarf of shadows.
 42666 | D:4      | 42666 ||| DROPPING +2 plate armour of Philately {-Tele rN+
                  | Str+4}.
 42949 | Orc:2    | 42949 ||| BUYING +7 swamp dragon scales of Quga {rPois rC+
                  | Str+2 Dex+2} (1893 gold).
 42949 | Orc:2    | Bought the +7 swamp dragon scales of Quga {rPois rC+ Str+2
                  | Dex+2} for 1893 gold pieces
 42949 | Orc:2    | 42949 ||| PLANNING ZOT:1-4
 43179 | Zot:1    | Entered Level 1 of the Realm of Zot
 43190 | Zot:1    | 43190 ||| Stepping ~*~*~tactically~*~*~ (stealth).
 43192 | Zot:1    | Noticed a Killer Klown
 43193 | Zot:1    | 43193 ||| Stepping ~*~*~tactically~*~*~ (stealth).
 43197 | Zot:1    | Noticed a Killer Klown
 43203 | Zot:1    | 43203 ||| Stepping ~*~*~tactically~*~*~ (hiding).
 43206 | Zot:1    | 43206 ||| INVOKING Heroism.
 43255 | Zot:1    | 43255 ||| Stepping ~*~*~tactically~*~*~ (stealth).
 43258 | Zot:1    | 43258 ||| INVOKING Heroism.
 43266 | Zot:1    | Reached skill level 9 in Dodging
 43343 | Zot:1    | 43343 ||| Stepping ~*~*~tactically~*~*~ (hiding).
 43349 | Zot:1    | 43349 ||| INVOKING Heroism.
 43410 | Zot:1    | 43410 ||| Stepping ~*~*~tactically~*~*~ (hiding).
 43414 | Zot:1    | 43414 ||| INVOKING Heroism.
 43425 | Zot:1    | 43425 ||| INVOKING Finesse.
 43432 | Zot:1    | Killed a Killer Klown
 43446 | Zot:1    | Noticed an ancient lich
 43453 | Zot:1    | Killed an ancient lich
 43454 | Zot:1    | Reached skill level 23 in Fighting
 43470 | Zot:1    | 43470 ||| Stepping ~*~*~tactically~*~*~ (hiding).
 43474 | Zot:1    | 43474 ||| Stepping ~*~*~tactically~*~*~ (hiding).
 43488 | Zot:1    | 43488 ||| Stepping ~*~*~tactically~*~*~ (hiding).
 43489 | Zot:1    | 43489 ||| Stepping ~*~*~tactically~*~*~ (hiding).
 43493 | Zot:1    | 43493 ||| Stepping ~*~*~tactically~*~*~ (hiding).
 43525 | Zot:1    | 43525 ||| INVOKING Heroism.
 43526 | Zot:1    | 43526 ||| INVOKING Finesse.
 43536 | Zot:1    | Killed a Killer Klown
 43536 | Zot:1    | Received a gift from Okawaru
 43562 | Zot:1    | 43562 ||| DROPPING +2 broad axe of electrocution.
 43584 | Zot:1    | Noticed a Killer Klown
 43585 | Zot:1    | 43585 ||| INVOKING Heroism.
 43586 | Zot:1    | 43586 ||| INVOKING Finesse.
 43595 | Zot:1    | Killed a Killer Klown
 43659 | Zot:1    | 43659 ||| Stepping ~*~*~tactically~*~*~ (stealth).
 43660 | Zot:1    | 43660 ||| Stepping ~*~*~tactically~*~*~ (stealth).
 43663 | Zot:1    | 43663 ||| Stepping ~*~*~tactically~*~*~ (hiding).
 43722 | Zot:1    | 43722 ||| UPGRADING to +2 hat of the Disturbing Portals
                  | {rF+++ rC- Will+++ Int-4}.
 43722 | Zot:1    | Noticed a curse toe
 43729 | Zot:1    | Noticed a Killer Klown
 43732 | Zot:1    | 43732 ||| UPGRADING to +3 pair of gloves of the Endless
                  | Expanse {Drain Str+3 Slay+3 SInv}.
 43742 | Zot:1    | 43742 ||| REMOVING ring of Gozag, Hungering {Will+ Int+6
                  | SInv}.
 43743 | Zot:1    | 43743 ||| UPGRADING to ring of resist corrosion.
 43744 | Zot:1    | 43744 ||| UPGRADING to +4 ring of evasion.
 43746 | Zot:1    | 43746 ||| Stepping randomly (stuck).
 43748 | Zot:1    | 43748 ||| Stepping randomly (stuck).
 43758 | Zot:1    | 43758 ||| Stepping ~*~*~tactically~*~*~ (hiding).
 43759 | Zot:1    | 43759 ||| Stepping ~*~*~tactically~*~*~ (hiding).
 43761 | Zot:1    | 43761 ||| INVOKING Heroism.
 43773 | Zot:1    | Noticed a Killer Klown
 43777 | Zot:1    | 43777 ||| Stepping ~*~*~tactically~*~*~ (hiding).
 43803 | Zot:1    | 43803 ||| Stepping ~*~*~tactically~*~*~ (hiding).
 43804 | Zot:1    | 43804 ||| Stepping ~*~*~tactically~*~*~ (hiding).
 43808 | Zot:1    | 43808 ||| INVOKING Heroism.
 43908 | Zot:1    | 43908 ||| Stepping randomly (stuck).
 43910 | Zot:1    | 43910 ||| Stepping randomly (stuck).
 43911 | Zot:1    | 43911 ||| Stepping randomly (stuck).
 43917 | Zot:1    | 43917 ||| Stepping randomly (stuck).
 43918 | Zot:1    | 43918 ||| Stepping randomly (stuck).
 43919 | Zot:1    | 43919 ||| Stepping randomly (stuck).
 43920 | Zot:1    | 43920 ||| Stepping randomly (stuck).
 43922 | Zot:1    | 43922 ||| Stepping randomly (stuck).
 43923 | Zot:1    | 43923 ||| PLANNING ZOT:1-4
 43923 | Zot:1    | 43923 ||| Stepping randomly (stuck).
 43925 | Zot:1    | 43925 ||| Stepping randomly (stuck).
 43926 | Zot:1    | 43926 ||| Stepping randomly (stuck).
 43928 | Zot:1    | 43928 ||| Stepping randomly (stuck).
 43929 | Zot:1    | 43929 ||| Stepping randomly (stuck).
 43931 | Zot:1    | 43931 ||| Stepping randomly (stuck).
 43932 | Zot:1    | 43932 ||| Stepping randomly (stuck).
 43933 | Zot:1    | 43933 ||| Stepping randomly (stuck).
 43934 | Zot:1    | 43934 ||| Stepping randomly (stuck).
 43935 | Zot:1    | 43935 ||| Stepping randomly (stuck).
 43936 | Zot:1    | 43936 ||| PLANNING ZOT:1-4
 43943 | Zot:1    | 43943 ||| PLANNING ZOT:1-4
 43943 | Zot:1    | 43943 ||| PLANNING ZOT:1-4
 44087 | Zot:1    | 44087 ||| INVOKING Heroism.
 44098 | Zot:1    | 44098 ||| INVOKING Finesse.
 44106 | Zot:1    | Killed a Killer Klown
 44141 | Zot:1    | 44141 ||| INVOKING Heroism.
 44142 | Zot:1    | 44142 ||| INVOKING Finesse.
 44158 | Zot:1    | 44158 ||| Stepping ~*~*~tactically~*~*~ (hiding).
 44167 | Zot:1    | Killed a Killer Klown
 44176 | Zot:1    | Killed a curse toe
 44699 | Zot:1    | 44699 ||| PLANNING ZOT:1-4
 44703 | Zot:1    | 44703 ||| PLANNING ZOT:1-4
 44703 | Zot:1    | 44703 ||| Stepping randomly (stuck).
 44705 | Zot:1    | 44705 ||| Stepping randomly (stuck).
 44706 | Zot:1    | 44706 ||| Stepping randomly (stuck).
 44707 | Zot:1    | 44707 ||| PLANNING ZOT:1-4
 44707 | Zot:1    | 44707 ||| Stepping randomly (stuck).
 44708 | Zot:1    | 44708 ||| Stepping randomly (stuck).
 44709 | Zot:1    | 44709 ||| Stepping randomly (stuck).
 44710 | Zot:1    | 44710 ||| Stepping randomly (stuck).
 44711 | Zot:1    | 44711 ||| Stepping randomly (stuck).
 44712 | Zot:1    | 44712 ||| Stepping randomly (stuck).
 44713 | Zot:1    | 44713 ||| Stepping randomly (stuck).
 44716 | Zot:1    | 44716 ||| Stepping randomly (stuck).
 44717 | Zot:1    | 44717 ||| Stepping randomly (stuck).
 44719 | Zot:1    | Upgraded the game from 0.30-a0-241-g1121274140 to
                  | 0.30-a0-371-gad7725a93e
 44719 | Zot:1    | 44719 ||| PLANNING ZOT:1-4
 44719 | Zot:1    | 44719 ||| PLANNING ZOT:1-4
 44719 | Zot:1    | 44719 ||| PLANNING ZOT:1-4
 44719 | Zot:1    | 44719 ||| PLANNING ZOT:1-4
 44719 | Zot:1    | 44719 ||| PLANNING ZOT:1-4
 44719 | Zot:1    | 44719 ||| PLANNING ZOT:1-4
 44719 | Zot:1    | 44719 ||| PLANNING ZOT:1-4
 44720 | Zot:1    | 44720 ||| PLANNING ZOT:1-4
 44721 | Zot:1    | Upgraded the game from 0.30-a0-371-gad7725a93e to
                  | 0.30-a0-373-gd37427bb62
 44721 | Zot:1    | 44721 ||| PLANNING ZOT:1-4
 44729 | Zot:1    | 44729 ||| INVOKING Heroism.
 44800 | Zot:2    | Received a gift from Okawaru
 44920 | Zot:2    | Found the +4 dragonskin cloak
 44920 | Zot:2    | Noticed Tiamat
 44920 | Zot:2    | Noticed a Killer Klown
 44920 | Zot:2    | 44920 ||| INVOKING Heroism.
 44934 | Zot:2    | Killed a Killer Klown
 44935 | Zot:2    | 44935 ||| INVOKING Finesse.
 44935 | Zot:2    | HP: 42/172 [green draconian/+0 morningstar[Tiamat] (10)]
 44936 | Zot:2    | 44936 ||| READING 16 scrolls of teleportation.
 44937 | Zot:2    | 44937 ||| DRINKING 12 potions of heal wounds.
 44955 | Zot:2    | Killed Tiamat
 44955 | Zot:2    | Received a gift from Okawaru
 44956 | Zot:2    | Reached skill level 24 in Fighting
 45139 | Zot:2    | 45139 ||| Stepping ~*~*~tactically~*~*~ (hiding).
 45151 | Zot:2    | 45151 ||| INVOKING Heroism.
 45154 | Zot:2    | Received a gift from Okawaru
 45224 | Zot:2    | 45224 ||| Stepping ~*~*~tactically~*~*~ (stealth).
 45269 | Zot:2    | 45269 ||| Stepping ~*~*~tactically~*~*~ (hiding).
 45272 | Zot:2    | 45272 ||| INVOKING Heroism.
 45886 | Zot:2    | 45886 ||| UPGRADING to +4 dragonskin cloak.
 45896 | Zot:2    | 45896 ||| DROPPING +2 cloak of willpower.
 45966 | Zot:3    | 45966 ||| Stepping ~*~*~tactically~*~*~ (hiding).
 45967 | Zot:3    | 45967 ||| Stepping ~*~*~tactically~*~*~ (hiding).
 45974 | Zot:3    | 45974 ||| FLEEEEING.
 45975 | Zot:3    | 45975 ||| STAIRDANCE
 45998 | Zot:3    | 45998 ||| INVOKING Heroism.
 46005 | Zot:3    | Reached XP level 25. HP: 152/178 MP: 29/30
 46063 | Zot:3    | Found a transporter.
 46071 | Zot:3    | Found a transporter.
 46073 | Zot:3    | Found a transporter.
 46074 | Zot:3    | Found a transporter.
 46076 | Zot:3    | 46076 ||| Stepping ~*~*~tactically~*~*~ (stealth).
 46077 | Zot:3    | 46077 ||| Stepping ~*~*~tactically~*~*~ (stealth).
 46078 | Zot:3    | 46078 ||| Stepping ~*~*~tactically~*~*~ (stealth).
 46090 | Zot:3    | Found a transporter.
 46097 | Zot:3    | Found a transporter.
 46139 | Zot:3    | 46139 ||| Stepping ~*~*~tactically~*~*~ (stealth).
 46150 | Zot:3    | 46150 ||| INVOKING Heroism.
 46154 | Zot:3    | Received a gift from Okawaru
 46302 | Zot:3    | 46302 ||| Stepping ~*~*~tactically~*~*~ (hiding).
 46303 | Zot:3    | 46303 ||| Stepping ~*~*~tactically~*~*~ (hiding).
 46306 | Zot:3    | 46306 ||| Stepping ~*~*~tactically~*~*~ (hiding).
 46382 | Zot:3    | 46382 ||| Stepping ~*~*~tactically~*~*~ (stealth).
 46387 | Zot:3    | 46387 ||| INVOKING Heroism.
 46398 | Zot:3    | 46398 ||| Stepping ~*~*~tactically~*~*~ (stealth).
 46401 | Zot:3    | 46401 ||| Stepping ~*~*~tactically~*~*~ (hiding).
 46419 | Zot:3    | 46419 ||| INVOKING Heroism.
 46421 | Zot:3    | 46421 ||| PLANNING ZOT:1-4
 46430 | Zot:3    | 46430 ||| Stepping ~*~*~tactically~*~*~ (stealth).
 46454 | Zot:3    | 46454 ||| INVOKING Heroism.
 46455 | Zot:3    | 46455 ||| INVOKING Finesse.
 46465 | Zot:3    | Noticed Grunn
 46466 | Zot:3    | 46466 ||| Stepping ~*~*~tactically~*~*~ (hiding).
 46477 | Zot:3    | Received a gift from Okawaru
 46479 | Zot:3    | Killed Grunn
 46501 | Zot:3    | Received a gift from Okawaru
 46831 | Zot:4    | 46831 ||| Stepping ~*~*~tactically~*~*~ (stealth).
 46833 | Zot:4    | 46833 ||| Stepping ~*~*~tactically~*~*~ (hiding).
 46834 | Zot:4    | 46834 ||| Stepping ~*~*~tactically~*~*~ (hiding).
 46835 | Zot:4    | 46835 ||| Stepping ~*~*~tactically~*~*~ (hiding).
 46839 | Zot:4    | 46839 ||| INVOKING Heroism.
 46847 | Zot:4    | Reached skill level 25 in Fighting
 46938 | Zot:4    | 46938 ||| Stepping ~*~*~tactically~*~*~ (stealth).
 46939 | Zot:4    | 46939 ||| INVOKING Heroism.
 47031 | Zot:4    | 47031 ||| INVOKING Heroism.
 47048 | Zot:4    | Received a gift from Okawaru
 47082 | Zot:4    | 47082 ||| Stepping ~*~*~tactically~*~*~ (stealth).
 47112 | Zot:4    | 47112 ||| Stepping ~*~*~tactically~*~*~ (stealth).
 47115 | Zot:4    | 47115 ||| Stepping ~*~*~tactically~*~*~ (stealth).
 47117 | Zot:4    | 47117 ||| Stepping ~*~*~tactically~*~*~ (hiding).
 47124 | Zot:4    | 47124 ||| INVOKING Heroism.
 47748 | Zot:4    | 47748 ||| Stepping ~*~*~tactically~*~*~ (stealth).
 47859 | Zot:4    | 47859 ||| PLANNING THE SHINING ONE WORSHIP
 48258 | D:7      | Fell from the grace of Okawaru
 48258 | D:7      | Became a worshipper of the Shining One
 48259 | D:7      | 48259 ||| PLANNING CRYPT
 48533 | Vaults:5 | 48533 ||| PLANNING VAULTS:1-4
 48540 | Vaults:4 | 48540 ||| PLANNING VAULTS:5
 48543 | Vaults:5 | 48543 ||| PLANNING CRYPT
 48630 | Crypt:1  | Entered Level 1 of the Crypt
 48685 | Crypt:1  | 48685 ||| Stepping ~*~*~tactically~*~*~ (stealth).
 48687 | Crypt:1  | 48687 ||| Stepping ~*~*~tactically~*~*~ (stealth).
 48769 | Crypt:1  | Reached * piety under the Shining One
 48978 | Crypt:1  | Reached ** piety under the Shining One
 49111 | Crypt:1  | Found an ancient bone altar of Kikubaaqudgha.
 49539 | Crypt:1  | 49539 ||| DROPPING +3 robe of Gluttony {-Cast Regen+ rCorr
                  | SInv}.
 49540 | Crypt:1  | 49540 ||| DROPPING ring of Gozag, Hungering {Will+ Int+6
                  | SInv}.
 49541 | Crypt:1  | 49541 ||| READING scroll labelled TUGROU RYELEY.
 49557 | Crypt:2  | Reached *** piety under the Shining One
 49558 | Crypt:2  | 49558 ||| STAIRDANCE
 49565 | Crypt:2  | 49565 ||| STAIRDANCE
 49586 | Crypt:2  | 49586 ||| STAIRDANCE
 49609 | Crypt:2  | 49609 ||| Stepping ~*~*~tactically~*~*~ (stealth).
 49642 | Crypt:2  | 49642 ||| Stepping ~*~*~tactically~*~*~ (stealth).
 49686 | Crypt:2  | 49686 ||| Stepping ~*~*~tactically~*~*~ (hiding).
 49687 | Crypt:2  | 49687 ||| Stepping ~*~*~tactically~*~*~ (hiding).
 49709 | Crypt:2  | 49709 ||| Stepping ~*~*~tactically~*~*~ (hiding).
 49857 | Crypt:2  | Reached **** piety under the Shining One
 49859 | Crypt:2  | 49859 ||| Stepping ~*~*~tactically~*~*~ (stealth).
 49869 | Crypt:2  | Reached skill level 12 in Invocations
 49953 | Crypt:2  | 49953 ||| Stepping ~*~*~tactically~*~*~ (hiding).
 49973 | Crypt:2  | Reached ***** piety under the Shining One
 50501 | Crypt:2  | 50501 ||| Stepping ~*~*~tactically~*~*~ (stealth).
 50809 | Crypt:3  | Entered Level 3 of the Crypt
 50811 | Crypt:3  | 50811 ||| Stepping ~*~*~tactically~*~*~ (stealth).
 50903 | Crypt:3  | 50903 ||| Stepping ~*~*~tactically~*~*~ (stealth).
 50906 | Crypt:3  | Reached ****** piety under the Shining One
 50912 | Crypt:3  | 50912 ||| INVOKING Brand Weapon With Holy Wrath.
 50912 | Crypt:3  | Identified a +9 broad axe of holy wrath (a +9 spectral
                  | broad axe blessed by the Shining One)
 50912 | Crypt:3  | Received a gift from the Shining One
 51123 | Crypt:3  | 51123 ||| Stepping ~*~*~tactically~*~*~ (hiding).
 51145 | Crypt:3  | 51145 ||| Stepping ~*~*~tactically~*~*~ (stealth).
 51147 | Crypt:3  | 51147 ||| Stepping ~*~*~tactically~*~*~ (hiding).
 51154 | Crypt:3  | 51154 ||| INVOKING Cleansing Flame.
 51158 | Crypt:3  | 51158 ||| Stepping ~*~*~tactically~*~*~ (hiding).
 51163 | Crypt:3  | 51163 ||| INVOKING Cleansing Flame.
 51164 | Crypt:3  | 51164 ||| INVOKING Cleansing Flame.
 51165 | Crypt:3  | Reached XP level 26. HP: 167/188 MP: 27/33
 51186 | Crypt:3  | 51186 ||| Stepping ~*~*~tactically~*~*~ (stealth).
 51223 | Crypt:3  | 51223 ||| Stepping ~*~*~tactically~*~*~ (hiding).
 51233 | Crypt:3  | 51233 ||| Stepping ~*~*~tactically~*~*~ (hiding).
 51307 | Crypt:3  | Noticed Khufu
 51308 | Crypt:3  | 51308 ||| Stepping ~*~*~tactically~*~*~ (hiding).
 51309 | Crypt:3  | 51309 ||| Stepping ~*~*~tactically~*~*~ (hiding).
 51310 | Crypt:3  | 51310 ||| Stepping ~*~*~tactically~*~*~ (hiding).
 51311 | Crypt:3  | 51311 ||| INVOKING Summon Divine Warrior.
 51314 | Crypt:3  | 51314 ||| INVOKING Cleansing Flame.
 51315 | Crypt:3  | 51315 ||| INVOKING Cleansing Flame.
 51316 | Crypt:3  | 51316 ||| INVOKING Cleansing Flame.
 51317 | Crypt:3  | 51317 ||| INVOKING Cleansing Flame.
 51318 | Crypt:3  | 51318 ||| INVOKING Cleansing Flame.
 51328 | Crypt:3  | Killed Khufu
 51440 | Crypt:3  | Found a staircase to the Tomb.
 51517 | Crypt:3  | Reached skill level 15 in Invocations
 51578 | Crypt:3  | Identified the +4 shortbow of Cobwebs {freeze, Str+3
                  | Stlth+}
 51620 | Crypt:3  | Found a basalt altar of Yredelemnul.
 51717 | Crypt:3  | Identified the ring of Tujav {Fly EV+4}
 51937 | Crypt:3  | 51937 ||| PLANNING TOMB
 51937 | Crypt:3  | 51937 ||| DROPPING ring of Tujav {Fly EV+4}.
 52014 | Tomb:1   | Entered Level 1 of the Tomb of the Ancients
 52386 | Tomb:1   | 52386 ||| INVOKING Cleansing Flame.
 52386 | Tomb:1   | Noticed a royal mummy
 52387 | Tomb:1   | 52387 ||| INVOKING Cleansing Flame.
 52388 | Tomb:1   | 52388 ||| INVOKING Summon Divine Warrior.
 52389 | Tomb:1   | Noticed a royal mummy
 52393 | Tomb:1   | 52393 ||| INVOKING Cleansing Flame.
 52394 | Tomb:1   | 52394 ||| INVOKING Cleansing Flame.
 52397 | Tomb:1   | Killed a royal mummy
 52399 | Tomb:1   | Killed a royal mummy
 52468 | Tomb:1   | 52468 ||| INVOKING Cleansing Flame.
 52471 | Tomb:1   | 52471 ||| INVOKING Cleansing Flame.
 52472 | Tomb:1   | 52472 ||| INVOKING Cleansing Flame.
 52489 | Tomb:1   | 52489 ||| INVOKING Cleansing Flame.
 52490 | Tomb:1   | 52490 ||| INVOKING Cleansing Flame.
 52704 | Tomb:1   | Identified the +7 chain mail of Modesty {Str+3 Int-2 SInv
                  | Stlth+}
 52725 | Tomb:1   | 52725 ||| DROPPING amulet of regeneration.
 52794 | Tomb:2   | 52794 ||| DRINKING 9 potions of haste.
 52795 | Tomb:2   | 52795 ||| DRINKING 17 potions of attraction.
 52796 | Tomb:2   | Noticed a royal mummy
 52797 | Tomb:2   | 52797 ||| INVOKING Cleansing Flame.
 52797 | Tomb:2   | Noticed a royal mummy
 52797 | Tomb:2   | Noticed a royal mummy
 52798 | Tomb:2   | 52798 ||| INVOKING Cleansing Flame.
 52799 | Tomb:2   | 52799 ||| INVOKING Summon Divine Warrior.
 52799 | Tomb:2   | Noticed a royal mummy
 52800 | Tomb:2   | 52800 ||| INVOKING Cleansing Flame.
 52804 | Tomb:2   | Killed a royal mummy
 52804 | Tomb:2   | Killed a royal mummy
 52805 | Tomb:2   | Reached skill level 18 in Invocations
 52806 | Tomb:2   | Killed a royal mummy
 52808 | Tomb:2   | HP: 47/188 [royal mummy (9)]
 52809 | Tomb:2   | 52809 ||| READING 17 scrolls of teleportation.
 52810 | Tomb:2   | 52810 ||| DRINKING 11 potions of heal wounds.
 52811 | Tomb:2   | 52811 ||| INVOKING Cleansing Flame.
 52812 | Tomb:2   | 52812 ||| DRINKING 10 potions of heal wounds.
 52813 | Tomb:2   | 52813 ||| INVOKING Summon Divine Warrior.
 52814 | Tomb:2   | 52814 ||| INVOKING Cleansing Flame.
 52817 | Tomb:2   | 52817 ||| INVOKING Cleansing Flame.
 52828 | Tomb:2   | 52828 ||| INVOKING Cleansing Flame.
 52828 | Tomb:2   | Killed a royal mummy
 53311 | Tomb:2   | 53311 ||| DROPPING +2 cloak of stealth.
 53362 | Tomb:1   | Noticed a royal mummy
 53365 | Tomb:1   | 53365 ||| INVOKING Summon Divine Warrior.
 53366 | Tomb:1   | Noticed a royal mummy
 53370 | Tomb:1   | Killed a royal mummy
 53371 | Tomb:1   | 53371 ||| INVOKING Cleansing Flame.
 53371 | Tomb:1   | Noticed a royal mummy
 53372 | Tomb:1   | 53372 ||| INVOKING Cleansing Flame.
 53374 | Tomb:1   | 53374 ||| INVOKING Cleansing Flame.
 53375 | Tomb:1   | 53375 ||| INVOKING Cleansing Flame.
 53376 | Tomb:1   | 53376 ||| INVOKING Cleansing Flame.
 53376 | Tomb:1   | Killed a royal mummy
 53378 | Tomb:1   | 53378 ||| INVOKING Cleansing Flame.
 53379 | Tomb:1   | Noticed a royal mummy
 53383 | Tomb:1   | Killed a royal mummy
 53386 | Tomb:1   | Killed a royal mummy
 53389 | Tomb:1   | Noticed a royal mummy
 53390 | Tomb:1   | 53390 ||| INVOKING Cleansing Flame.
 53393 | Tomb:1   | Killed a royal mummy
 53502 | Tomb:1   | Noticed a royal mummy
 53504 | Tomb:1   | 53504 ||| INVOKING Cleansing Flame.
 53506 | Tomb:1   | Noticed a royal mummy
 53507 | Tomb:1   | Killed a royal mummy
 53508 | Tomb:1   | Reached skill level 21 in Armour
 53511 | Tomb:1   | Killed a royal mummy
 53516 | Tomb:1   | Noticed a royal mummy
 53517 | Tomb:1   | 53517 ||| INVOKING Cleansing Flame.
 53518 | Tomb:1   | 53518 ||| INVOKING Cleansing Flame.
 53519 | Tomb:1   | 53519 ||| INVOKING Cleansing Flame.
 53519 | Tomb:1   | Killed a royal mummy
 53520 | Tomb:1   | Reached XP level 27. HP: 108/193 MP: 24/36
 53577 | Tomb:1   | Noticed a royal mummy
 53579 | Tomb:1   | 53579 ||| INVOKING Cleansing Flame.
 53580 | Tomb:1   | 53580 ||| INVOKING Cleansing Flame.
 53581 | Tomb:1   | 53581 ||| INVOKING Cleansing Flame.
 53582 | Tomb:1   | Killed a royal mummy
 53634 | Tomb:1   | Noticed a royal mummy
 53644 | Tomb:1   | Killed a royal mummy
 53690 | Tomb:1   | Noticed a royal mummy
 53694 | Tomb:1   | 53694 ||| INVOKING Cleansing Flame.
 53695 | Tomb:1   | 53695 ||| INVOKING Cleansing Flame.
 53696 | Tomb:1   | 53696 ||| INVOKING Cleansing Flame.
 53697 | Tomb:1   | 53697 ||| INVOKING Cleansing Flame.
 53697 | Tomb:1   | Killed a royal mummy
 53786 | Tomb:1   | Noticed a royal mummy
 53795 | Tomb:1   | Killed a royal mummy
 53826 | Tomb:1   | Noticed a royal mummy
 53830 | Tomb:1   | 53830 ||| INVOKING Cleansing Flame.
 53831 | Tomb:1   | 53831 ||| INVOKING Cleansing Flame.
 53833 | Tomb:1   | Killed a royal mummy
 53856 | Tomb:1   | 53856 ||| DRINKING 3 potions of resistance.
 53888 | Tomb:1   | Noticed a royal mummy
 53891 | Tomb:1   | 53891 ||| INVOKING Cleansing Flame.
 53893 | Tomb:1   | Noticed a royal mummy
 53896 | Tomb:1   | Killed a royal mummy
 53904 | Tomb:1   | Noticed a royal mummy
 53906 | Tomb:1   | 53906 ||| DRINKING 5 potions of magic.
 53907 | Tomb:1   | 53907 ||| INVOKING Cleansing Flame.
 53912 | Tomb:1   | Killed a royal mummy
 53913 | Tomb:1   | Reached skill level 15 in Throwing
 53918 | Tomb:1   | Killed a royal mummy
 53973 | Tomb:1   | Noticed a royal mummy
 53976 | Tomb:1   | 53976 ||| INVOKING Cleansing Flame.
 53979 | Tomb:1   | Killed a royal mummy
 54248 | Tomb:2   | 54248 ||| INVOKING Cleansing Flame.
 54257 | Tomb:2   | 54257 ||| Stepping ~*~*~tactically~*~*~ (stealth).
 54262 | Tomb:2   | 54262 ||| Stepping ~*~*~tactically~*~*~ (stealth).
 54488 | Tomb:3   | Entered Level 3 of the Tomb of the Ancients
 54489 | Tomb:3   | 54489 ||| DRINKING 8 potions of haste.
 54490 | Tomb:3   | 54490 ||| DRINKING 16 potions of attraction.
 54523 | Tomb:3   | Noticed a royal mummy
 54523 | Tomb:3   | Noticed a royal mummy
 54524 | Tomb:3   | 54524 ||| INVOKING Summon Divine Warrior.
 54525 | Tomb:3   | 54525 ||| INVOKING Cleansing Flame.
 54526 | Tomb:3   | 54526 ||| INVOKING Cleansing Flame.
 54527 | Tomb:3   | 54527 ||| INVOKING Cleansing Flame.
 54527 | Tomb:3   | Noticed a royal mummy
 54529 | Tomb:3   | Killed a royal mummy
 54531 | Tomb:3   | 54531 ||| INVOKING Summon Divine Warrior.
 54534 | Tomb:3   | 54534 ||| INVOKING Cleansing Flame.
 54534 | Tomb:3   | Killed a royal mummy
 54535 | Tomb:3   | Reached skill level 26 in Fighting
 54535 | Tomb:3   | Killed a royal mummy
 54536 | Tomb:3   | 54536 ||| INVOKING Cleansing Flame.
 54538 | Tomb:3   | 54538 ||| INVOKING Cleansing Flame.
 54539 | Tomb:3   | 54539 ||| INVOKING Cleansing Flame.
 54540 | Tomb:3   | 54540 ||| INVOKING Cleansing Flame.
 54540 | Tomb:3   | Noticed a royal mummy
 54541 | Tomb:3   | 54541 ||| INVOKING Cleansing Flame.
 54543 | Tomb:3   | 54543 ||| INVOKING Cleansing Flame.
 54544 | Tomb:3   | 54544 ||| INVOKING Cleansing Flame.
 54547 | Tomb:3   | 54547 ||| INVOKING Cleansing Flame.
 54547 | Tomb:3   | Killed a royal mummy
 54549 | Tomb:3   | 54549 ||| INVOKING Cleansing Flame.
 54550 | Tomb:3   | 54550 ||| INVOKING Summon Divine Warrior.
 54569 | Tomb:3   | Noticed a royal mummy
 54574 | Tomb:3   | 54574 ||| INVOKING Cleansing Flame.
 54574 | Tomb:3   | Killed a royal mummy
 54646 | Tomb:3   | Noticed a royal mummy
 54651 | Tomb:3   | 54651 ||| INVOKING Cleansing Flame.
 54652 | Tomb:3   | 54652 ||| INVOKING Cleansing Flame.
 54652 | Tomb:3   | Killed a royal mummy
 54659 | Tomb:3   | Noticed a royal mummy
 54660 | Tomb:3   | 54660 ||| INVOKING Summon Divine Warrior.
 54661 | Tomb:3   | 54661 ||| INVOKING Cleansing Flame.
 54662 | Tomb:3   | 54662 ||| INVOKING Cleansing Flame.
 54666 | Tomb:3   | 54666 ||| INVOKING Cleansing Flame.
 54666 | Tomb:3   | Killed a royal mummy
 54683 | Tomb:3   | Noticed a royal mummy
 54689 | Tomb:3   | Killed a royal mummy
 54815 | Tomb:3   | Identified the +9 hand axe of Leaping Terror {pain, Str+3}
 54828 | Tomb:3   | Identified the ring of Jala {Int+4 Dex+6}
 54883 | Tomb:3   | Identified the +1 plate armour of Untold Secrets {rF+
                  | Dex+4}
 55047 | Tomb:3   | Got a golden rune of Zot
 55101 | Tomb:3   | Found the +8 demon trident "Rift" {distort, reach+}
 55108 | Tomb:3   | Identified the +10 hand axe of the Telling Hero {vorpal,
                  | rElec rPois Int+2}
 55122 | Tomb:3   | Identified the +10 flail "Vos Ami" {freeze, Will+ Int+7}
 55146 | Tomb:3   | Identified the +4 ring mail of Death Resistance {rPois
                  | Int+3 Slay+2}
 55156 | Tomb:3   | Identified the +0 pair of gloves of Wymm {Drain MP+9 Str+2
                  | Int+4}
 55175 | Tomb:3   | 55175 ||| PLANNING PAN
 55175 | Tomb:3   | 55175 ||| DROPPING +0 pair of gloves of Wymm {Drain MP+9
                  | Str+2 Int+4}.
 55176 | Tomb:3   | 55176 ||| DROPPING ring of Jala {Int+4 Dex+6}.
 55369 | Crypt:3  | Was forgiven by Okawaru
 55671 | Pan      | Entered Pandemonium
 55839 | Pan      | Noticed Exoyfu the pandemonium lord
 55840 | Pan      | 55840 ||| INVOKING Summon Divine Warrior.
 55841 | Pan      | 55841 ||| INVOKING Cleansing Flame.
 55842 | Pan      | 55842 ||| INVOKING Cleansing Flame.
 55843 | Pan      | 55843 ||| INVOKING Cleansing Flame.
 55844 | Pan      | 55844 ||| INVOKING Cleansing Flame.
 55845 | Pan      | 55845 ||| INVOKING Cleansing Flame.
 55846 | Pan      | 55846 ||| INVOKING Cleansing Flame.
 55846 | Pan      | Killed Exoyfu the pandemonium lord
 55849 | Pan      | 55849 ||| DRINKING 4 potions of magic.
 55850 | Pan      | 55850 ||| INVOKING Cleansing Flame.
 55851 | Pan      | 55851 ||| INVOKING Cleansing Flame.
 55868 | Pan      | 55868 ||| INVOKING Cleansing Flame.
 55869 | Pan      | 55869 ||| INVOKING Cleansing Flame.
 55976 | Pan      | Identified a scroll of acquirement
 55993 | Pan      | 55993 ||| READING scroll of acquirement.
 55993 | Pan      | 55993 ||| ACQUIRING 487 gold pieces
 55993 | Pan      | Acquired 487 gold pieces
 56042 | Pan      | 56042 ||| Stepping randomly (cloudy).
 56414 | Pan      | 56414 ||| DROPPING +1 plate armour of fire resistance.
 56441 | Pan      | Upgraded the game from 0.30-a0-373-gd37427bb62 to
                  | 0.30-a0-374-g95c0257040
 56441 | Pan      | 56441 ||| PLANNING PAN
 56442 | Pan      | Noticed Edenien the pandemonium lord
 56443 | Pan      | 56443 ||| INVOKING Summon Divine Warrior.
 56452 | Pan      | HP: 36/196 [Edenien the pandemonium lord (24)]
 56453 | Pan      | 56453 ||| READING 18 scrolls of teleportation.
 56454 | Pan      | 56454 ||| DRINKING 9 potions of heal wounds.
 56454 | Pan      | HP: 4/196 [Edenien the pandemonium lord (28)]
 56455 | Pan      | 56455 ||| DRINKING 8 potions of heal wounds.
 56456 | Pan      | 56456 ||| DRINKING 7 potions of heal wounds.
 56457 | Pan      | 56457 ||| READING 17 scrolls of teleportation.
 56457 | Pan      | Gained mutation: Your magical capacity is low. (-10% MP) [a
                  | neqoxec]
 56458 | Pan      | 56458 ||| DRINKING 6 potions of heal wounds.
 56489 | Pan      | 56489 ||| DRINKING 3 potions of magic.
 56490 | Pan      | 56490 ||| INVOKING Summon Divine Warrior.
 56491 | Pan      | 56491 ||| INVOKING Cleansing Flame.
 56505 | Pan      | Killed Edenien the pandemonium lord
 56607 | Pan      | 56607 ||| INVOKING Cleansing Flame.
 56608 | Pan      | 56608 ||| INVOKING Cleansing Flame.
 56626 | Pan      | 56626 ||| INVOKING Cleansing Flame.
 56632 | Pan      | 56632 ||| INVOKING Cleansing Flame.
 56641 | Pan      | Gained mutation: Your spells are a little easier to cast,
                  | but a little less powerful. [a cacodemon]
 56646 | Pan      | Gained mutation: Armour fits poorly on your strangely
                  | shaped body. [a cacodemon]
 56651 | Pan      | Reached skill level 12 in Dodging
 56668 | Pan      | 56668 ||| INVOKING Cleansing Flame.
 56684 | Pan      | 56684 ||| DRINKING 9 potions of mutation.
 56684 | Pan      | Lost mutation: Your spells are a little easier to cast, but
                  | a little less powerful. [potion of mutation]
 56684 | Pan      | Lost mutation: Armour fits poorly on your strangely shaped
                  | body. [potion of mutation]
 56684 | Pan      | Lost mutation: Your magical capacity is low. (-10% MP)
                  | [potion of mutation]
 56684 | Pan      | Gained mutation: You have a pair of small horns on your
                  | head. [potion of mutation]
 56684 | Pan      | Gained mutation: You have hidden genetic defects. [potion
                  | of mutation]
 56684 | Pan      | Gained mutation: You have large cloven feet. [potion of
                  | mutation]
 56925 | Pan      | Paralysed by accursed screaming for 2 turns
 58343 | Pan      | Gained mutation: You are dopey. (Int -2) [a neqoxec]
 58397 | Pan      | 58397 ||| Stepping ~*~*~tactically~*~*~ (stealth).
 58404 | Pan      | 58404 ||| Stepping ~*~*~tactically~*~*~ (stealth).
 58456 | Pan      | 58456 ||| Stepping ~*~*~tactically~*~*~ (stealth).
 59502 | Pan      | 59502 ||| PLANNING PAN
 59572 | Pan      | 59572 ||| Stepping ~*~*~tactically~*~*~ (stealth).
 59573 | Pan      | 59573 ||| Stepping ~*~*~tactically~*~*~ (stealth).
 59792 | Pan      | Upgraded the game from 0.30-a0-374-g95c0257040 to
                  | 0.31-a0-117-g42d8f58691
 59792 | Pan      | Upgraded the game from 0.31-a0-117-g42d8f58691 to
                  | 0.31-a0-145-g046c7d2549
 59792 | Pan      | Quit the game

Levels and vault maps discovered:
D:1:      psy_arrival_whirlpool, layout_basic, serial_glass, glass_columns_c,
          glass_columns_a, grunt_decor_fettered
D:2:      layout_basic, uniq_crazy_yiuf_cottage, uniq_sigmund
D:3:      layout_rooms, nicolae_ashenzari_skybound, okawaru_altar_gauntlet_db,
          basic_ecumenical_altar, minmay_surrounded
D:4:      layout_cave_pools, lemuel_coloured_pillars_altar,
          minmay_temple_entry_enclosed_plants, serial_shops, shop, uniq_grinder
D:5:      layout_cave_pools, trog_three_pillars_becter,
          mainiacjoe_overflow_brackets
D:6:      layout_basic, uniq_pikel
D:7:      layout_basic, mainiacjoe_overflow_chevrons, tso_metal_star,
          enter_bailey_6, gammafunk_ghost_smash, hangedman_decor_riveting,
          uniq_duvessa
D:8:      layout_loops_ring, kennysheep_mini, lair_entry_dummy
D:9:      minmay_imperfect_grid, layout_cave_pools, serial_shops, shop, shop,
          shop_coins, nicolae_inconvenience_store, uniq_maggie, uniq_erolcha,
          uniq_joseph
D:10:     layout_long_grid, mainiacjoe_overflow_large_starburst, serial_bayou,
          serial_bayou_pond_a, serial_bayou_shore_a, serial_bayou_lake_a,
          serial_bayou_lagoon_a, serial_shops, nicolae_lakefront_shop,
          introduction_to_nature_1
D:11:     layout_roguey, zombieorc2_lemuel, nicolae_ru_the_path_less_chosen,
          uniq_erica
D:12:     hangedman_cross_cluster, layout_gridville
D:13:     layout_loops_cross, grunt_ogre_cave
D:14:     layout_roguey, lightli_vaults_fourway_checkpoint, abandoned_shop,
          uniq_lodul
D:15:     gammafunk_depths_entry_grave, layout_cave_pods, minmay_door_square,
          uniq_agnes
Lair:1:   wander_river, layout_chaotic_city, gammafunk_ghost_necromancy,
          lemuel_fruit_fields
Lair:2:   layout_gridlike, minmay_swamp_entry_worms,
          minmay_snake_entry_guardpost_small, beast_lair_carwin_11,
          infiniplex_staircase_pool_2
Lair:3:   layout_cellular_growth, serial_forest, infiniplex_forest_end_2,
          infiniplex_forest_zigzag_1, infiniplex_forest_lined_2,
          infiniplex_forest_clump_small, infiniplex_forest_lined_corner,
          infiniplex_forest_3_way, infiniplex_forest_lined_4_way,
          infiniplex_forest_lined_2, minivault_27
Lair:4:   minmay_lair_venomous_thicket, layout_small_grid,
          dpeg_slime_entry_enclosed
Lair:5:   cheibrodos_lair_end_hotspot, layout_regular_city,
          gammafunk_ghost_arena, grunt_forest_stairs_basic
Swamp:1:  gammafunk_worm_tunnel, layout_basic_swamp, lemuel_altar_in_water,
          swamp_pool1, nicolae_swamp_hydra_murder_den
Swamp:2:  layout_basic_swamp, nicolae_swamp_round_clearing, swamp_pool3
Swamp:3:  nicolae_swamp_phyte_club, layout_basic_swamp,
          ebering_ghost_rock_garden, hangedman_swamp_cone, uniq_mlioglotl
Swamp:4:  byrel_swamp_growth_death_and_undeath, layout_basic_swamp,
          infiniplex_staircase_pool, uniq_mara, uniq_louise
Snake:1:  layout_onion_interference, serial_shops, nicolae_shop_hallway_stairs
Snake:2:  layout_cave_town, grunt_megastairs_3, nicolae_triple_integral,
          minmay_shoptagon
Snake:3:  layout_chambers
Snake:4:  grunt_snake_rune_pools, layout_cave_town, uniq_vashnia
Orc:1:    layout_caves
Orc:2:    st_orc_rangers, layout_diamond_mine, uniq_josephine
Vaults:1: nicolae_vaults_network_star, ontoclasm_vaults_idyll,
          gammafunk_its_a_trap, hangedman_vaults_hat, nicolae_vaults_little_ls,
          nicolae_vaults_little_squares_5, nicolae_vaults_rhombus_7,
          vaults_room_hallway, ontoclasm_vaults_misaligned,
          layout_vaults_omnibox, uniq_nikola
Vaults:2: portal_desolation_entry_nicolae_nacl, vaults_standard_mumra_lines,
          vaults_room_ringed_pool, vaults_dpeg_spiral,
          nicolae_vaults_circle_grid_a, hangedman_vaults_trim, v_misc_1,
          vaults_room_hangedman_quadrants, nicolae_vaults_specimen_jars,
          v_pattern_3, ontoclasm_vaults_gateway, layout_vaults_ring
Vaults:3: vaults_room_fancy_cross, nicolae_vaults_quadrants,
          minmay_crypt_entry_nasty_monster, hangedman_vaults_slice,
          vaults_mumra_hexcomb, nicolae_vaults_shelves_hall, v_misc_15,
          nicolae_vaults_alarming, v_misc_3, layout_vaults_maze_bifur,
          serial_shops, nicolae_shop_behind_doors, uniq_donald, uniq_margery
Vaults:4: gammafunk_the_bubble [the_bubble_gammafunk_crates],
          grunt_vaults_twisty, ontoclasm_vaults_ring_square, grunt_vaults_focal,
          nicolae_vaults_windows_and_doors_thing, ontoclasm_vaults_tryst,
          vaults_mumra_lcd, vaults_room_mumra_shop_pool,
          nicolae_vaults_little_squares_1, grunt_vaults_diagonal,
          vaults_dpeg_encased_lava, v_misc_25, v_misc_13, vaults_mumra_hex,
          layout_vaults_big_room
Vaults:5
Crypt:1:  layout_regular_city, basic_altar
Crypt:2:  layout_catacombs
Crypt:3:  grunt_crypt_end_deaths_head
Tomb:1
Tomb:2
Tomb:3
Depths:1: layout_forbidden_donut, serial_shops, nicolae_shop_waterfront,
          hell_entry, roderic_lattice_a, grunt_gozag_statues,
          grunt_megastairs_4, uniq_sojobo, uniq_aizul
Depths:2: evilmike_diamond_1, layout_gridlike, hell_entry,
          serial_sigils_hangedman_gut, pan_entry
Depths:3: minmay_inner_zag, layout_cave_shapes, minmay_strange_pillars,
          marbit_kobold_abyss_entry, hell_entry
Depths:4: evilmike_zot_entry_diamond, layout_gridville, enter_ziggurat_f,
          abyss_entry_flame_altar, hell_entry, serial_sigils_hangedman_snap,
          grunt_ministairs_2
Zot:1:    ebering_klown_carousel, layout_concentric_octagons
Zot:2:    kennysheep_spiral_hall, layout_basic, uniq_tiamat
Zot:3:    kennysheep_oblong_rooms, layout_onion_interference,
          serial_nicolae_subway, nicolae_sub_station_crystal,
          nicolae_sub_station_stone, nicolae_sub_station_metal, uniq_grunn
Zot:4:    layout_concentric_octagons, grunt_megastairs_2
Pan:      rand_demon_1, layout_long_grid, nicolae_pan_sigil_uleosi,
          nicolae_pan_gloorx_vloqian_2, regret_index_pan_draining_boxed,
          layout_cross

Skill      XL: |  1  2  3  4  5  6  7  8  9 10 11 12 13 14 15 16 17 18 19 20 21 22 23 24 25 26 27 |
---------------+----------------------------------------------------------------------------------+-----
Axes           | 2 3 5 6 7 9 10 11 12 14 15 16 18 | 18.0
Fighting       | 4 5 7 9 10 12 13 15 17 18 20 21 22 24 25 26 | 26.7
Dodging        | 1 2 3 4 5 6 7 8 10 11 12 | 12.0
Invocations    | 2 4 6 10 14 19 20 | 20.3
Shields        | 4 5 6 7 10 12 13 15 16 20 21 22 23 | 23.0
Armour         | 4 5 6 8 10 11 13 14 16 17 18 20 21 22 | 22.0
Throwing       | 3 6 7 9 10 12 13 14 15 | 15.0

Action                     |  1- 3 |  4- 6 |  7- 9 | 10-12 | 13-15 | 16-18 | 19-21 | 22-24 | 25-27 || total
---------------------------+-------+-------+-------+-------+-------+-------+-------+-------+-------++-------
  Melee: War axe           |    79 |   119 |   255 |   370 |   887 |    56 |       |       |       ||  1766
         Whip              |       |       |       |    20 |    38 |       |       |       |       ||    58
         Broad axe         |       |       |       |       |       |  1005 |  1004 |   978 |  1168 ||  4155
         Mace              |       |       |       |       |       |    27 |       |       |       ||    27
         Club              |       |       |       |       |       |    11 |       |       |       ||    11
         Headbutt          |       |       |       |       |       |       |       |       |    29 ||    29
  Throw: Boomerang         |       |       |       |    34 |   194 |    81 |    25 |    13 |    86 ||   433
         Javelin           |       |       |       |       |    11 |    55 |    76 |    77 |   208 ||   427
 Invoke: Heroism           |       |       |    11 |    23 |    36 |    55 |    42 |    41 |     8 ||   216
         Finesse           |       |       |       |     5 |     7 |    16 |    16 |    22 |     1 ||    67
         Cleansing Flame   |       |       |       |       |       |       |       |       |    83 ||    83
         Brand Weapon With |       |       |       |       |       |       |       |       |     1 ||     1
         Summon Divine War |       |       |       |       |       |       |       |       |    12 ||    12
    Use: Scroll            |     6 |     6 |     7 |     4 |     8 |    14 |       |     6 |     5 ||    56
         Potion            |     1 |     1 |       |     1 |     3 |     9 |       |     4 |    15 ||    34
   Stab: Distracted        |       |       |       |       |     2 |    18 |    23 |    24 |     7 ||    74
 Armour: Scale mail        |    39 |    52 |    30 |       |       |       |       |       |       ||   121
         Ring mail         |       |       |    68 |   133 |   254 |       |       |       |       ||   455
         Ice dragon scales |       |       |       |       |    89 |   546 |   385 |   378 |   510 ||  1908
  Dodge: Dodged            |    39 |    46 |   142 |   199 |   411 |   481 |   196 |   286 |   433 ||  2233
  Block: Buckler           |    11 |    17 |    37 |    82 |    97 |       |       |       |       ||   244
         Kite shield       |       |       |       |       |   184 |   580 |   153 |       |       ||   917
         Tower shield      |       |       |       |       |       |       |   457 |   784 |  1052 ||  2293

Table legend:
 A = Non-vault XP
 B = Vault XP
 C = Vault XP percentage of total XP
 D = Non-vault monster count
 E = Vault monster count
 F = Vault count percentage of total count
                 A         B        C        D         E       F
            +---------+---------+-------+---------+---------+-------
      Total |  729883 |  758990 |  51.0 |    1482 |     979 |  39.8
            +---------+---------+-------+---------+---------+-------
        D:1 |      39 |       0 |   0.0 |      14 |       0 |   0.0
        D:2 |      72 |     239 |  76.8 |      17 |       1 |   5.6
        D:3 |      98 |      81 |  45.3 |      22 |      10 |  31.2
        D:4 |     413 |     272 |  39.7 |      22 |       1 |   4.3
        D:5 |    1429 |       0 |   0.0 |      21 |       0 |   0.0
        D:6 |     334 |     663 |  66.5 |      11 |       1 |   8.3
        D:7 |     972 |     215 |  18.1 |      22 |       2 |   8.3
        D:8 |    1507 |       0 |   0.0 |      28 |       0 |   0.0
        D:9 |    4377 |    7787 |  64.0 |      48 |      30 |  38.5
       D:10 |    1800 |     774 |  30.1 |      31 |      17 |  35.4
       D:11 |    4505 |    1602 |  26.2 |      13 |      37 |  74.0
       D:12 |    7661 |   11711 |  60.5 |      22 |      25 |  53.2
       D:13 |    6431 |     121 |   1.8 |      18 |       1 |   5.3
       D:14 |    4532 |    9224 |  67.1 |       8 |      20 |  71.4
       D:15 |   12120 |    6207 |  33.9 |      21 |       9 |  30.0
     Lair:1 |    5064 |       0 |   0.0 |      26 |       0 |   0.0
     Lair:2 |   11500 |    1816 |  13.6 |      32 |       7 |  17.9
     Lair:3 |    6434 |       0 |   0.0 |      27 |       0 |   0.0
     Lair:4 |    6086 |    1452 |  19.3 |      20 |      12 |  37.5
     Lair:5 |   22082 |    5823 |  20.9 |      60 |      24 |  28.6
    Swamp:1 |    9290 |     872 |   8.6 |      17 |       1 |   5.6
    Swamp:2 |   15077 |       0 |   0.0 |      28 |       0 |   0.0
    Swamp:3 |   12757 |   13370 |  51.2 |      28 |       8 |  22.2
    Swamp:4 |   12000 |   23514 |  66.2 |      18 |      42 |  70.0
    Snake:1 |   12724 |       0 |   0.0 |      30 |       0 |   0.0
    Snake:2 |   12918 |    1554 |  10.7 |      24 |       4 |  14.3
    Snake:3 |   11585 |       0 |   0.0 |      29 |       0 |   0.0
    Snake:4 |   16471 |   32549 |  66.4 |      30 |      43 |  58.9
      Orc:1 |    3392 |       0 |   0.0 |      43 |       0 |   0.0
      Orc:2 |    6968 |    6780 |  49.3 |      56 |      45 |  44.6
   Vaults:1 |   19906 |   14119 |  41.5 |      36 |      17 |  32.1
   Vaults:2 |   16153 |   31336 |  66.0 |      25 |      40 |  61.5
   Vaults:3 |   36876 |   14862 |  28.7 |      53 |      16 |  23.2
   Vaults:4 |   15660 |   55181 |  77.9 |      18 |      67 |  78.8
   Vaults:5 |   24875 |   81900 |  76.7 |      38 |      69 |  64.5
    Crypt:1 |   17690 |       0 |   0.0 |      36 |       0 |   0.0
    Crypt:2 |   27664 |       0 |   0.0 |      46 |       0 |   0.0
    Crypt:3 |       0 |   64668 | 100.0 |       0 |     118 | 100.0
     Tomb:1 |    4623 |   86441 |  94.9 |      19 |      52 |  73.2
     Tomb:2 |    8195 |   57728 |  87.6 |      22 |      77 |  77.8
     Tomb:3 |   11295 |   55215 |  83.0 |      37 |      52 |  58.4
   Depths:1 |   20978 |   15176 |  42.0 |      27 |      13 |  32.5
   Depths:2 |   24191 |   30705 |  55.9 |      30 |      26 |  46.4
   Depths:3 |   27888 |    6622 |  19.2 |      33 |       9 |  21.4
   Depths:4 |   43930 |   17885 |  28.9 |      51 |      15 |  22.7
      Zot:1 |   50224 |   35007 |  41.1 |      42 |      16 |  27.6
      Zot:2 |   18351 |   21907 |  54.4 |      12 |      16 |  57.1
      Zot:3 |   30198 |   13595 |  31.0 |      23 |      10 |  30.3
      Zot:4 |   34254 |    2307 |   6.3 |      25 |       2 |   7.4
        Pan |   86294 |   27710 |  24.3 |     123 |      24 |  16.3
            +---------+---------+-------+---------+---------+-------
